 Dungeon Crawl Stone Soup version 0.30-a0-325-gb515db48ae (webtiles) character file.

Game seed: 12235960180287026888

822084 ThisWasInevitable the Cloud Mage (level 27, -11/171 HPs)
             Began as an Octopode Transmuter on Oct 27, 2022.
             Was the Champion of Jiyva (penitent).
             Mangled by a white draconian
             ... wielding a +1 halberd of distortion
             ... led by a black draconian knight
              (13 damage)
             ... on level 5 of the Realm of Zot on Oct 28, 2022.
             The game lasted 05:01:03 (77011 turns).

ThisWasInevitable the Cloud Mage (OpTm)            Turns: 77011, Time: 05:01:03

Health: -11/171    AC: 27    Str: 25    XL:     27
Magic:  24/29      EV: 20    Int: 34    God:    Jiyva [******]
Gold:   6302       SH:  0    Dex: 21    Spells: 1/56 levels left

rFire   . . .      SeeInvis .      - Unarmed
rCold   + + .      Faith    .    (shield currently unavailable)
rNeg    + + +      Spirit   .    (helmet currently unavailable)
rPois   ∞          Reflect  .    d - amulet of Vitality {RegenMP++ Regen++}
rElec   +          Harm     .    T - ring of protection from cold
rCorr   +          Rampage  .    H - ring "Quitoa" {rCorr Str+6 Int+2 Dex+5}
Will    ++...      Archmagi +    o - ring "Paj Olof" {+Blink Str+6 Slay+5}
Stlth   +++++..... Rage     9%   Q - ring of the Mage {Wiz Archmagi}
HPRegen 0.00/turn  Rnd*Tele +    m - ring of the Tortoise {AC+8}
MPRegen 1.01/turn                R - ring of Tublom {rPois rC+ rN+++ rCorr Stlth-}
                                 W - ring "Uqioruib" {rN+ rCorr Int+6}
                                 g - +6 ring of intelligence

@: storm-form, in a vortex, wereblooded, vertiginous, on berserk cooldown,
flying (expiring), held, inhibited regen, slowed, studying 4 skills, unable to
read, unable to drink, very slow
A: cleaving, insubstantial, flying, almost no armour, amphibious, 8 rings,
(camouflage 1), (gelatinous body 1), (nimble swimmer 1), (tentacles),
(iridescent scales 1), agile 2, (fire resistance 2), inhibited regeneration,
strong 1, [berserk 2], [clumsy 2], [deterioration 1], [dopey 2], [frail 2], low
MP 1[+2], [screaming 2], [teleportitis 1], (cold vulnerability 1[+2]), [subdued
magic 2], [inability to drink after injury 2], [inability to read after injury
2]
}: 5/15 runes: decaying, serpentine, slimy, silver, abyssal
a: Blinkbolt, End Transformation, Renounce Religion, Evoke Blink


You were on level 5 of the Realm of Zot.
You worshipped Jiyva.
Jiyva was demanding penance.
You were a lightning-filled tempest!
You visited 14 branches of the dungeon, and saw 61 of its levels.
You visited the Abyss 5 times.
You visited 1 bazaar.
You visited 1 ziggurat, and saw 15 of its levels.
You also visited: Gauntlet and Ice Cave.

You collected 17838 gold pieces.
You spent 7111 gold pieces at shops.
You paid 4425 gold pieces to Gozag.

Inventory:

Missiles
 e - 8 throwing nets
Jewellery
 a - the ring of Olifru {rN++ SInv}
   (You acquired it on level 1 of the Lair of Beasts)

   [ring of see invisible]

   rN:        It greatly protects you from negative energy.
   SInv:      It lets you see invisible.
 c - the ring of Shadows {Umbra +Inv Stlth+}
   (You bought it in a shop on level 1 of the Lair of Beasts)

   [ring of stealth]

   It surrounds you with an aura of shadow, increasing your stealth and reducing
   the accuracy of all others within it.
   +Inv:      It lets you turn invisible.
   Stlth:     It makes you more stealthy.
 d - the amulet of Vitality (around neck) {RegenMP++ Regen++}
   (You bought it in a shop on level 1 of the Lair of Beasts)

   [amulet of magic regeneration]

   It increases your rate of magic regeneration.
   Regen:     It increases your rate of health regeneration.
 g - a +6 ring of intelligence (on tentacle)
 m - the ring of the Tortoise (on tentacle) {AC+8}
   (You found it on level 5 of the Vaults)

   [ring of protection]

   AC:        It affects your AC (+8).
 o - the ring "Paj Olof" (on tentacle) {+Blink Str+6 Slay+5}
   (You found it on level 4 of the Realm of Zot)

   [ring of strength]

   Str:       It affects your strength (+6).
   Slay:      It affects your accuracy & damage with ranged weapons and melee
   (+5).
   +Blink:    It lets you blink.
 C - the ring "Bokhac" {rElec rPois Str+6}
   (You found it on level 11 of a ziggurat)

   [ring of strength]

   Str:       It affects your strength (+6).
   rElec:     It insulates you from electricity.
   rPois:     It protects you from poison.
 E - a ring of willpower
 H - the ring "Quitoa" (right tentacle) {rCorr Str+6 Int+2 Dex+5}
   (You found it on level 5 of the Vaults)

   [ring of strength]

   Str:       It affects your strength (+6).
   Int:       It affects your intelligence (+2).
   Dex:       It affects your dexterity (+5).
   rCorr:     It protects you from acid and corrosion.
 Q - the ring of the Mage (on tentacle) {Wiz Archmagi}
   (You found it on level 9 of a ziggurat)

   [ring of wizardry]

   It improves your spell success rate.
   Archmagi:  It increases the power of your magical spells.
 R - the ring of Tublom (on tentacle) {rPois rC+ rN+++ rCorr Stlth-}
   (You found it on level 9 of a ziggurat)

   [ring of protection from cold]

   rC:        It protects you from cold.
   rPois:     It protects you from poison.
   rN:        It renders you almost immune to negative energy.
   rCorr:     It protects you from acid and corrosion.
   Stlth:     It makes you less stealthy.
 T - a ring of protection from cold (left tentacle)
 V - a ring of protection from fire
 W - the ring "Uqioruib" (on tentacle) {rN+ rCorr Int+6}
   (You bought it in a shop on level 1 of the Lair of Beasts)

   [ring of resist corrosion]

   Int:       It affects your intelligence (+6).
   rN:        It protects you from negative energy.
   rCorr:     It protects you from acid and corrosion.
 X - a ring of flight
 Z - a +6 ring of intelligence
Wands
 u - a wand of mindburst (16)
 x - a wand of light (21)
 M - a wand of digging (10)
Scrolls
 f - 3 scrolls of blinking
 i - 10 scrolls of butterflies
 p - 6 scrolls of silence
 t - 6 scrolls of poison
 y - 12 scrolls of enchant armour
 A - 6 scrolls of summoning
 B - 12 scrolls of magic mapping
 D - 4 scrolls of fear
 G - 2 scrolls of brand weapon
 L - 9 scrolls of enchant weapon
 P - 13 scrolls of immolation
 S - 3 scrolls of amnesia
 Y - 20 scrolls of teleportation
Potions
 b - 5 potions of berserk rage
 h - 4 potions of resistance
 k - 7 potions of flight
 l - 7 potions of ambrosia
 n - 5 potions of haste
 q - 33 potions of curing
 r - 3 potions of invisibility
 s - 8 potions of might
 v - 13 potions of attraction
 w - 7 potions of heal wounds
 z - 9 potions of mutation
 F - 6 potions of magic
 K - 13 potions of brilliance
 N - 6 potions of cancellation
Miscellaneous
 j - a tin of tremorstones (2/2)
 I - a condenser vane
 O - a phial of floods
 U - a phantom mirror


   Skills:
 + Level 24.2 Fighting
 - Level 18.7 Dodging
 - Level 13.5 Stealth
 - Level 19.8 Unarmed Combat
 - Level 15.4 Spellcasting
 - Level 22.7 Conjurations
 - Level 4.1 Summonings
 - Level 6.6 Necromancy
 - Level 3.2 Translocations
 - Level 13.8 Transmutations
 - Level 12.5 Fire Magic
 + Level 21.3 Ice Magic
 - Level 24.2 Air Magic


You had one spell level left.
You knew the following spells:

 Your Spells              Type           Power      Damage    Failure   Level
a - Freezing Cloud        Conj/Ice/Air   53%        6-21      1%          5
b - Storm Form            Tmut/Air       49%        N/A       1%          7
c - Ozocubu's Armour      Ice            100%       N/A       1%          3
d - Polar Vortex          Ice            51%        N/A       12%         9
e - Blink                 Tloc           90%        N/A       1%          2
f - Chain Lightning       Conj/Air       54%        3d72      5%          9
g - Necrotise             Necr           100%       1d9       1%          1
h - Beastly Appendage     Tmut           100%       N/A       1%          1
i - Fire Storm            Conj/Fire      47%        8d12      45%         9
j - Wereblood             Tmut           85%        N/A       1%          2
k - Death Channel         Necr           30%        N/A       9%          6
m - Apportation           Tloc           90%        N/A       1%          1

Your spell library contained the following spells:

 Spells                   Type           Power      Damage    Failure   Level
 Kiss of Death            Conj/Necr      100%       2d13      1%          1
 Magic Dart               Conj           100%       1d8       1%          1
 Sandblast                Erth           48%        2d12      1%          1
 Shock                    Conj/Air       100%       1d9       1%          1
 Slow                     Hex            96%        N/A       1%          1
 Sting                    Tmut/Pois      100%       1d8       1%          1
 Summon Small Mammal      Summ           100%       N/A       1%          1
 Cigotuvi's Dreadful Rot  Necr/Pois/Air  100%       N/A       1%          2
 Ensorcelled Hibernation  Hex/Ice        100%       N/A       1%          2
 Momentum Strike          Conj/Tloc      100%       3d10      1%          2
 Passwall                 Tmut/Erth      51%        N/A       1%          2
 Poisonous Vapours        Pois/Air       100%       N/A       1%          2
 Scorch                   Fire           100%       2d10      1%          2
 Searing Ray              Conj           100%       2d8       1%          2
 Static Discharge         Conj/Air       100%       2-7/arc   1%          2
 Sublimation of Blood     Necr           61%        N/A       1%          2
 Call Canine Familiar     Summ           50%        N/A       1%          3
 Dazzling Flash           Conj/Hex       100%       N/A       1%          3
 Frozen Ramparts          Ice            100%       1d16      1%          3
 Gell's Gravitas          Tloc           45%        N/A       1%          3
 Hailstorm                Conj/Ice       100%       3d20      1%          3
 Ignite Poison            Fire/Tmut/Pois 69%        N/A       1%          3
 Inner Flame              Hex/Fire       59%        N/A       1%          3
 Kindle Blastsparks       Fire/Tloc/Air  100%       2d18      1%          3
 Lesser Beckoning         Tloc           90%        N/A       1%          3
 Mephitic Cloud           Conj/Pois/Air  90%        N/A       1%          3
 Portal Projectile        Hex/Tloc       68%        N/A       1%          3
 Spider Form              Tmut/Pois      62%        N/A       1%          3
 Stone Arrow              Conj/Erth      100%       3d13      1%          3
 Summon Guardian Golem    Hex/Summ       37%        N/A       1%          3
 Teleport Other           Tloc           45%        N/A       1%          3
 Vampiric Draining        Necr           61%        2d10      1%          3
 Vhi's Electric Charge    Tloc/Air       100%       N/A       1%          3
 Airstrike                Air            54%        2d(8-24)  1%          4
 Animate Dead             Necr           61%        N/A       1%          4
 Dispel Undead            Necr           61%        3d21      1%          4
 Flame Wave               Conj/Fire      95%        2d20      1%          4
 Fulminant Prism          Conj/Hex       38%        3d18      1%          4
 Ice Form                 Ice/Tmut       95%        N/A       1%          4
 Iskenderun's Mystic Bla  Conj/Tloc      82%        2d16      1%          4
 Petrify                  Tmut/Erth      62%        N/A       1%          4
 Sticky Flame             Conj/Fire      95%        2d10      1%          4
 Summon Ice Beast         Ice/Summ       82%        N/A       1%          4
 Summon Lightning Spire   Summ/Air       86%        N/A       1%          4
 Agony                    Necr           61%        N/A       1%          5
 Alistair's Intoxication  Tmut/Pois      41%        N/A       1%          5
 Arcjolt                  Conj/Air       54%        1d64      1%          5
 Blade Hands              Tmut           42%        N/A       1%          5
 Fireball                 Conj/Fire      47%        3d19      1%          5
 Iskenderun's Battlesphe  Conj           100%       2d15      1%          5
 Lightning Bolt           Conj/Air       54%        1d75      1%          5
 Metabolic Englaciation   Hex/Ice        37%        N/A       1%          5
 Silence                  Hex/Air        40%        N/A       1%          5
 Yara's Violent Unravell  Hex/Tmut       31%        3d13      1%          5
 Conjure Ball Lightning   Conj/Air       54%        3x3d20    1%          6
 Iron Shot                Conj/Erth      38%        9d8       1%          6
 Simulacrum               Ice/Necr       42%        N/A       1%          6
 Starburst                Conj/Fire      47%        6d13      1%          6
 Orb of Destruction       Conj           53%        9d13      1%          7
 Ozocubu's Refrigeration  Ice            51%        4d18      1%          7
 Maxwell's Capacitive Co  Air            54%        ∞         1%          8
 Confusing Touch          Hex            24%        N/A       2%          3
 Tukima's Dance           Hex            24%        N/A       2%          3
 Anguish                  Hex/Necr       22%        N/A       2%          4
 Manifold Assault         Tloc           45%        N/A       2%          4
 Dragon Form              Tmut           42%        N/A       2%          7
 Spellforged Servitor     Conj/Summ      42%        N/A       3%          7
 Borgnjor's Vile Clutch   Necr/Erth      22%        N/A       6%          5
 Statue Form              Tmut/Erth      41%        N/A       8%          6
 Cause Fear               Hex            12%        N/A       9%          4
 Leda's Liquefaction      Hex/Erth       12%        N/A       9%          4
 Olgreb's Toxic Radiance  Pois           24%        N/A       9%          4
 Lee's Rapid Deconstruct  Erth           12%        3d8*      21%         5
 Ignition                 Fire           40%        3d12      26%         8
 Lehudib's Crystal Spear  Conj/Erth      38%        10d10     38%         8
 Necromutation            Tmut/Necr      37%        N/A       54%         8
 Summon Hydra             Summ           25%        N/A       69%         7
 Borgnjor's Revivificati  Necr           30%        N/A       95%         8
 Enfeeble                 Hex            12%        N/A       99%         7
 Discord                  Hex            12%        N/A       100%        8
 Death's Door             Necr           30%        N/A       100%        9
 Dragon's Call            Summ           25%        N/A       100%        9
 Shatter                  Erth           12%        3d13*     100%        9
 Animate Armour           Summ/Erth      Unusable   N/A       N/A         4

Dungeon Overview and Level Annotations

Branches:
Dungeon (15/15)            Temple (1/1) D:7            Lair (5/5) D:11
  Swamp (4/4) Lair:3        Snake (4/4) Lair:3        Slime (5/5) Lair:4
    Orc (2/2) D:9             Elf (3/3) Orc:2        Vaults (5/5) D:14
  Crypt (3/3) Vaults:3       Tomb (0/3) Crypt:3      Depths (4/4) D:15
   Hell (visited)             Dis (0/7) Hell            Geh (0/7) Hell
    Coc (4/7) Hell            Tar (0/7) Hell            Zot (5/5) Depths:4
  IceCv (visited)         Gauntlet (visited)

Altars:
Ashenzari
Cheibriados
Dithmenos
Elyvilon
Fedhas
Gozag
Hepliaklqana
Kikubaaqudgha
Makhleb
Nemelex Xobeh
Okawaru
Qazlal
Ru
Sif Muna
Trog
Uskayaw
Vehumet
Wu Jian
Xom
Yredelemnul
Zin
The Shining One
Jiyva
Lugonu

Shops:
D:1 ?   D:5 :   D:15 *   Orc:2 *=!(   Elf:3 [   Lair:1 =:==:   Snake:4 =*((
Zot:2 *   Depths:1 (=:=!   Depths:2 [****

Portals:
Hell: Depths:1 Depths:2 Depths:3 Depths:4
Abyss: D:6 Depths:1 Depths:2 Depths:3
Pandemonium: Orc:2 Depths:2
Trove: D:13 (give 7 scrolls of fear)

Annotations:
Slime:5 Royal Jelly
Depths:1 1 runed translucent door
Zot:4 2 transporters


Innate Abilities, Weirdness & Mutations

You are a lightning-filled tempest!
Your electrical attacks strike out in all directions at once.
You are incredibly evasive.
Your insubstantial body is immune to petrification, constriction, and being set on fire You are flying.
You are immune to poison.
Your armour is entirely melded.
You are incapable of wielding weapons or throwing items.
You cannot wear most types of armour.
You are amphibious.
You can wear up to eight rings at the same time.
((Your skin changes colour to match your surroundings (Stealth+).))
((Your rubbery body absorbs attacks. (AC +1, EV +1)))
((You are camouflaged when in or above water. (Stealth+)))
((You have tentacles for arms and can constrict up to eight enemies at once.))
((You are partially covered in iridescent scales. (AC +2)))
You are very agile. (Dex +8, Str/Int -2)
((Your flesh is very heat resistant. (rF++)))
You do not regenerate when monsters are visible.
Your muscles are strong. (Str +4, Int/Dex -1)
[You have an uncontrollable temper.]
[You are very clumsy. (Dex -4)]
[Your body sometimes deteriorates upon taking damage.]
[You are very dopey. (Int -4)]
[You are very frail. (-20% HP)]
[Your magical capacity is extremely low. (-30% MP)]
[You frequently scream uncontrollably at your foes.]
[You are occasionally teleported next to monsters.]
[((You are extremely vulnerable to cold. (rC---)))]
[Your spells are easier to cast, but less powerful.]
[You sometimes lose the ability to drink potions when taking damage.]
[You sometimes lose the ability to read scrolls when taking damage.]


Message History

You shudder from the blast and a jelly pops out!
The death cob hits you but does no damage.
You struggle against the net.
You feel very guilty. Furious gurgling surrounds you!
Your acid blob dissolves into a puddle of slime!
The death cob hits you!
* * * LOW HITPOINT WARNING * * *
The death cob drains your vigour!
You feel yourself slow down. The death cob barely misses you.
The black draconian knight breathes lightning at you.
The bolt of lightning hits you! You resist.
* * * LOW HITPOINT WARNING * * *
The bolt of lightning hits the orb of fire.
The orb of fire completely resists.
The white draconian hits you from afar with a +0 halberd.
* * * LOW HITPOINT WARNING * * *
The ancient lich points at you and mumbles some strange words.
You are unaffected.
An electric golem comes into view.
The white draconian hits you from afar with a +1 halberd of distortion!
* * * LOW HITPOINT WARNING * * *
Space warps around you.
* * * LOW HITPOINT WARNING * * *
The death cob completely misses you.
Unknown command.
Unknown command.
Unknown command.
You cannot read scrolls in your current state!
You fail to use your ability.
You feel a bit better.
You destroy the death cob!
You hear a roar!
The electric golem crackles and sizzles.
The Killer Klown blinks!
The white draconian hits you from afar with a +0 halberd!
* * * LOW HITPOINT WARNING * * *
The Killer Klown pies you viciously! The klown pie hits you!
Plum!
You feel light-headed.
* * * LOW HITPOINT WARNING * * *
The white draconian hits you from afar with a +1 halberd of distortion!
You die...

.▓▓▓ .........▓##
..^........##
............# ▓▓▓▓▓▓▓▓▓
.^.§§§§§§§§§▓▓▓Z^^....▓▓
...§§§d§§§§§▓▓.Z.......▓
...§§dLd§§§§▓).Z........
..9§§Dq§§§§§[).Z..0.....
...§§§Lv*§§§▓ZZ.........
...§§§§§§§§§▓▓Z........▓
...§§§§§§§§§▓▓▓..^....▓▓
.p.§p§§§§§§§▓ ▓▓▓▓▓▓▓▓▓
...§§§§§§§§▓▓
.........▓▓▓ ......▓▓▓▓
▓▓▓▓▓▓


You could see an orb of fire, 2 Killer Klowns, an electric golem, a black
draconian knight (catching breath), an ancient lich, a dread lich, a yellow
draconian, 2 draconians and a quicksilver dragon.

Vanquished Creatures
  2 dread liches
  6 orbs of fire
  Tiamat (Zot:2)
  3 ancient liches
  Mara (Depths:1)
  Mennas (Crypt:3)
  A juggernaut (Depths:2)
  3 pandemonium lords
  3 royal mummies (Zig:12)
  2 shard shrikes
  Vv (Crypt:2)
  Xtahua (Crypt:2)
  3 Killer Klowns
  2 curse toes
  Saint Roka (Elf:2)
  7 caustic shrikes
  Geryon (Hell)
  7 golden dragons
  Nikola (Snake:1)
  2 profane servitors (Abyss:6)
  11 bone dragons
  3 pearl dragons (Zig:14)
  3 electric golems
  3 Tzitzimimeh
  An Ice Fiend (Coc:2)
  5 doom hounds
  3 Hell Sentinels
  3 hellephants
  An iron giant (Zig:7)
  2 walking crystal tomes (Depths:2)
  24 tentacled monstrosities
  19 Orb Guardians (Zot:5)
  8 titans
  A deep elf blademaster (Elf:3)
  12 liches
  Mlioglotl (Swamp:3)
  A walking earthen tome (Depths:2)
  A deep elf master archer (Elf:3)
  A walking frostbound tome (Depths:3)
  8 quicksilver dragons
  2 quicksilver dragons (shapeshifter) (Zig:10)
  5 ancient champions
  An acid blob (Abyss:7)
  7 sphinxes
  6 Executioners
  13 death cobs
  4 tengu reavers
  14 shadow dragons
  34 tentacled starspawn
  21 storm dragons
  6 daevas
  Donald (Swamp:2)
  Roxanne (Swamp:3)
  A thorn hunter (Snake:3)
  3 nagarajas
  6 revenants
  10 draconian monks
  A fenstrider witch (Swamp:2)
  A demonspawn warmonger (Abyss:7)
  8 fire giants
  9 draconian knights
  4 narguns
  10 frost giants
  An iron dragon (Depths:2)
  A caustic shrike zombie (Zig:12)
  A frost giant (shapeshifter) (Zig:10)
  An emperor scorpion (Zig:9)
  5 deep elf sorcerers
  8 draconian scorchers
  Aizul (Snake:4)
  Louise (Swamp:2)
  4 draconian shifters
  A shard shrike simulacrum (Coc:4)
  4 curse skulls
  4 deep elf elementalists (Elf:3)
  11 vault wardens
  The ghost of LetschGu the Blinker, an adept SpHs of Okawaru (Elf:1)
  A quicksilver elemental (Zig:7)
  3 balrugs
  5 ghost moths
  8 ghouls
  A juggernaut zombie (Crypt:2)
  4 cacodemons
  8 angels
  A caustic shrike skeleton (Zig:12)
  2 orc warlords
  7 reapers
  5 war gargoyles
  15 ironbound preservers
  7 draconian stormcallers
  A demonspawn corrupter (Abyss:7)
  2 spriggan defenders (Depths:2)
  36 very ugly things
  9 draconian annihilators
  5 ironbound thunderhulks
  18 stone giants
  A broodmother (Zig:9)
  2 ophanim
  21 black draconians
  Nessos (D:14)
  11 vampire knights
  6 elemental wellsprings
  3 eleionomae
  A putrid mouth (Crypt:3)
  8 deep elf demonologists
  4 apis (Zig:14)
  2 lorocyprocas
  13 green draconians
  17 purple draconians
  3 bunyips
  3 deep elf annihilators (Elf:3)
  11 red draconians
  A minotaur (Gauntlet)
  9 dire elephants
  10 white draconians
  8 wendigos
  A green death (Abyss:5)
  11 ettins
  4 crystal guardians
  19 yellow draconians
  10 eidola
  10 deep elf death magi
  2 mummy priests (Zig:12)
  16 spark wasps
  11 jiangshi
  A blizzard demon (Abyss:7)
  4 iron golems
  12 deep elf high priests
  2 entropy weavers
  7 fire dragons
  A shambling mangrove (Swamp:3)
  6 yaktaur captains
  2 merfolk impalers (Zig:13)
  Josephine (D:10)
  A spriggan zombie (Zig:12)
  3 rakshasas
  25 vault guards
  A hell beast (Hell)
  3 salamander tyrants
  20 hydras
  Erica (D:10)
  2 demonspawn (Orc:2)
  4 catoblepae
  18 centaur warriors
  Erolcha (D:10)
  Fannar (D:12)
  11 ironbound frosthearts
  A caustic shrike simulacrum (Coc:2)
  6 spriggan air magi
  12 ice dragons
  6 ogre magi
  2 juggernaut simulacra
  5 peacekeepers
  A jorogumo (Zig:9)
  5 ghost crabs
  A merfolk avatar (Zig:13)
  2 merfolk aquamancers (Zig:13)
  22 anacondas
  A bennu zombie (Crypt:2)
  13 two-headed ogres
  26 dancing weapons
  11 alligators
  23 hell hogs
  5 tengu warriors
  A bennu skeleton (Crypt:1)
  A death knight (Crypt:1)
  2 deep troll earth magi
  4 deep troll shamans
  5 orc high priests
  16 naga warriors
  5 boulder beetles
  10 vampire magi
  5 spriggan berserkers
  82 thrashing horrors
  A spectral dire elephant (Crypt:3)
  19 deep elf knights
  4 shock serpents
  4 soul eaters
  21 naga sharpshooters
  37 hell knights
  8 sun demons
  Lodul (D:10)
  A sun moth (Zig:9)
  2 fire crabs (Abyss:6)
  41 wretched stars
  5 iron trolls
  A quicksilver dragon simulacrum (Coc:2)
  A goliath frog (Swamp:1)
  7 sixfirhies
  16 shadow wraiths
  9 spatial maelstroms
  4 salamander mystics
  29 skeletal warriors
  37 deep trolls
  11 bog bodies
  A death drake (Swamp:4)
  A glowing orange brain (Abyss:7)
  6 cherubim (Zig:14)
  14 flayed ghosts
  A spectral anaconda (Crypt:3)
  3 spriggan simulacra
  5 spriggan druids
  An orange crystal statue (IceCv)
  4 swamp dragons
  2 spectral hydras (Swamp:4)
  6 deep elf archers
  A steelbarb worm (Zig:9)
  16 ironbound convokers
  7 wizards
  2 sea snakes (Zig:13)
  31 phantasmal warriors
  A shadow demon (Abyss:6)
  2 obsidian statues
  A fenstrider witch simulacrum (Coc:2)
  8 naga ritualists
  A death drake (shapeshifter) (Depths:2)
  A shadow dragon zombie (Vaults:3)
  17 harpies
  26 deep elf pyromancers
  The ghost of twist the Cudgeller, a novice GnCA of Ignis (D:6)
  A lindwurm (Vaults:4)
  15 orc knights
  16 necromancers
  A wolf spider zombie (Crypt:1)
  A spectral ettin (Crypt:3)
  2 mana vipers (shapeshifter)
  3 mana vipers
  14 salamanders
  A sphinx zombie (Zig:12)
  A golden dragon skeleton (Crypt:3)
  3 manticores
  A spectral centaur (Crypt:3)
  2 wolf spiders (Zig:9)
  4 cyclopes
  A will-o-the-wisp (Abyss:6)
  15 deep elf zephyrmancers
  9 orc sorcerers
  43 ugly things
  A sphinx skeleton (Crypt:2)
  19 moths of wrath
  9 worldbinders
  A toenail golem (Abyss:7)
  6 centaur zombies (D:13)
  A fire giant skeleton (Vaults:3)
  16 vault sentinels
  3 elephants (Lair:4)
  2 ice statues (Swamp:3)
  19 naga magi
  20 smoke demons
  2 water nymphs (Zig:13)
  5 molten gargoyles (Hell)
  41 black mambas
  2 gargoyles
  3 titan simulacra
  Joseph (D:7)
  A torpor snail (Zig:11)
  9 apocalypse crabs
  15 guardian serpents
  2 orange demons
  2 rust devils (Hell)
  11 cane toads
  A pale draconian zombie (Crypt:1)
  4 swamp worm zombies (Swamp:4)
  3 kobold demonologists
  23 yaktaurs
  10 hellions
  4 unseen horrors
  A bunyip simulacrum (Coc:1)
  Maggie (D:7)
  15 freezing wraiths
  16 rime drakes
  5 guardian mummies
  3 efreet
  A yaktaur zombie (Vaults:4)
  A demonic crawler (Hell)
  33 ancient zymes
  A golden dragon simulacrum (Coc:1)
  A hellwing (Abyss:6)
  2 ice devils
  2 red devils
  A black draconian skeleton (Crypt:2)
  An anaconda simulacrum (Coc:3)
  A queen bee (Abyss:5)
  5 tormentors
  5 komodo dragons
  A spectral naga (Crypt:3)
  2 tengu conjurers (Depths:2)
  3 yaktaur skeletons
  A yellow draconian skeleton (Crypt:1)
  A shadow dragon simulacrum (Hell)
  29 polar bears
  3 meliai (Abyss:5)
  4 bloated husks
  7 trolls
  4 spectral swamp dragons (Swamp:4)
  12 merfolk (Zig:13)
  16 hornets
  58 raiju
  2 dream sheep (Lair:5)
  A tarantella (Vaults:3)
  3 hydra zombies (Swamp:4)
  19 slime creatures
  9 tyrant leeches
  2 death drake skeletons (Crypt:3)
  33 blink frogs
  2 dream sheep (shapeshifter)
  2 jumping spiders (Zig:9)
  A stone giant simulacrum (Hell)
  3 alligator zombies (Swamp:4)
  A great orb of eyes zombie (Crypt:2)
  A meliai zombie (D:13)
  An iron dragon simulacrum (Hell)
  37 flying skulls
  An air elemental (Elf:2)
  A black mamba zombie (Crypt:2)
  25 spriggans
  2 vampires
  5 dire elephant simulacra
  11 shadows
  2 ushabtiu (Zig:12)
  17 wraiths
  10 water elementals
  5 centaur simulacra
  17 ynoxinuls
  8 wyverns
  A hog (shapeshifter) (D:14)
  3 redbacks
  6 basilisks
  3 fire elementals
  4 vampire mosquitoes
  55 yaks
  An alligator snapping turtle simulacrum (Coc:3)
  7 chaos spawn
  A yaktaur simulacrum (Vaults:4)
  21 neqoxecs
  A swamp worm (shapeshifter) (Vaults:5)
  6 wargs
  13 harpy simulacra
  24 swamp worms
  A steam dragon (D:7)
  61 large abominations
  11 spatial vortices
  2 acid dragons
  A glowing shapeshifter zombie (Zig:12)
  42 nagas
  A glowing shapeshifter skeleton (Zig:12)
  21 water moccasins
  3 hydra simulacra
  2 ice beasts
  4 swamp drakes
  A snapping turtle zombie (Crypt:1)
  48 orc warriors
  4 sky beasts
  8 black bears
  19 wolves
  23 ogres
  4 swamp dragon zombies
  10 centaurs
  4 boggarts (Lair:5)
  A snapping turtle skeleton (Crypt:3)
  9 phantoms
  13 bullfrogs
  2 elf zombies
  5 kobold brigands
  2 earth elementals
  9 necrophages
  A gnoll sergeant (D:10)
  4 scorpions
  A glowing shapeshifter simulacrum (Zig:8)
  A water moccasin skeleton (Crypt:1)
  4 wights
  A troll zombie (D:9)
  7 killer bees
  An electric eel (Lair:2)
  4 howler monkeys
  25 small abominations
  A crimson imp (Abyss:1)
  2 quasits
  A lava snake (Orc:1)
  4 hounds
  3 human zombies (Crypt:1)
  4 jellies
  138 starcursed masses
  A gnoll bouda (D:9)
  30 orc priests
  2 human skeletons (Crypt:1)
  An iron imp (Abyss:1)
  20 orc wizards
  3 iguanas
  A spectral swamp drake (Swamp:4)
  5 hell rats (Hell)
  A killer bee zombie (Crypt:1)
  4 ogre zombies (D:9)
  A naga skeleton (Crypt:3)
  An acid dragon skeleton (Crypt:1)
  A hound skeleton (Crypt:2)
  15 mummies
  7 adders
  7 gnolls
  3 shadow imps
  5 white imps
  4 ufetubi
  A worm zombie (Crypt:2)
  A worm (D:2)
  3 dart slugs
  94 orcs
  7 ball pythons
  9 bats
  7 endoplasms
  5 giant cockroaches
  8 goblins
  8 hobgoblins
  3 jackals (D:3)
  11 kobolds
  3 quokkas
  A ball python skeleton (Crypt:3)
  3 frilled lizards
  A goblin zombie (D:9)
  3 hobgoblin zombies (D:9)
  2 orc skeletons (D:9)
  12 orc zombies (D:9)
  4 rats
  A rat zombie (Crypt:3)
  A river rat skeleton (Crypt:1)
  4 lurking horrors
  33 starspawn tentacles
3369 creatures vanquished.

Vanquished Creatures (collateral kills)
  2 dread liches
  An ancient lich (Zot:5)
  2 Killer Klowns
  3 caustic shrikes
  A golden dragon (Vaults:5)
  A tentacled monstrosity (Zot:2)
  A lich (Vaults:5)
  3 Orb Guardians (Zot:5)
  Grunn (Crypt:3)
  A titan (Vaults:5)
  2 storm dragons
  A tengu reaver (Vaults:5)
  A tentacled starspawn (Abyss:6)
  A fire giant (Vaults:5)
  A nargun (Zig:8)
  3 draconian monks
  A draconian knight (Zot:2)
  A frost giant (Vaults:5)
  An emperor scorpion (Zig:9)
  A ghost moth (Zot:3)
  2 vault wardens (Vaults:5)
  A draconian scorcher (Zot:4)
  3 very ugly things
  A draconian shifter (Zot:3)
  A reaper (Hell)
  2 green draconians
  2 stone giants (Vaults:5)
  A black draconian (Zot:1)
  An ironbound thunderhulk (Vaults:3)
  An apis (Zig:14)
  2 putrid mouths (Hell)
  A purple draconian (Zot:5)
  A deep elf annihilator (Elf:3)
  A red draconian (Zot:3)
  A spark wasp (Depths:2)
  2 dire elephants (Vaults:1)
  An ettin (Vaults:5)
  An iron golem (Hell)
  A merfolk javelineer (Zig:13)
  A fire dragon (Depths:2)
  2 deep elf high priests
  2 spriggan air magi
  An ogre mage (Vaults:5)
  2 rakshasas (Depths:2)
  An ice dragon (Depths:1)
  A centaur warrior (Vaults:1)
  2 merfolk avatars (Zig:13)
  2 merfolk aquamancers (Zig:13)
  A satyr (Zig:13)
  A tengu warrior (Depths:2)
  2 deep troll earth magi (Depths:2)
  3 hell hogs (Hell)
  A boulder beetle (Vaults:1)
  4 thrashing horrors
  A shock serpent (shapeshifter) (Vaults:5)
  3 hell knights
  A spriggan berserker (Depths:4)
  A wretched star (Abyss:6)
  3 sun demons (Hell)
  3 deep trolls
  A sea snake (Zig:13)
  An orange crystal statue (Zig:13)
  An obsidian statue (Zig:13)
  A flayed ghost (Depths:2)
  A phantasmal warrior (Vaults:1)
  A large abomination (Abyss:7)
  3 necromancers
  An orc knight (Vaults:4)
  A wolf spider (Zig:9)
  A shining eye (Abyss:7)
  2 harpies
  A cyclops (D:9)
  An ugly thing (Vaults:5)
  5 moths of wrath
  A centaur zombie (D:13)
  A vault sentinel (Vaults:5)
  A water nymph (Zig:13)
  An ice statue (Zig:13)
  4 smoke demons
  A hellion (Hell)
  An unseen horror (Depths:1)
  A rime drake (Zig:11)
  3 yaktaurs
  2 meliai (Abyss:5)
  3 merfolk (Zig:13)
  A troll (D:11)
  A wind drake (Zig:13)
  A slime creature (D:12)
  A blink frog (Zig:11)
  A raiju (Abyss:6)
  A snapping turtle (Zig:13)
  3 dream sheep
  A wraith (D:9)
  A yak (Lair:5)
  2 water elementals (Zig:13)
  A neqoxec (Abyss:6)
  A harpy simulacrum (Hell)
  2 chaos spawn
  An orc warrior (D:9)
  A wolf (Lair:5)
  A bullfrog (Lair:2)
  A jelly (D:8)
  An ogre zombie (D:9)
  A gnoll (D:10)
  An orc (Elf:3)
  An orc zombie (D:9)
  A starspawn tentacle (Abyss:6)
159 creatures vanquished.

Vanquished Creatures (others)
  A tentacled starspawn (Abyss:5)
  3 acid blobs
  A death cob (Zot:5)
  A draconian knight (Zot:5)
  An azure jelly (Coc:4)
  A deep elf sorcerer (Elf:3)
  A very ugly thing (Abyss:7)
  An ironbound thunderhulk (Vaults:4)
  A deep elf annihilator (Vaults:5)
  A yaktaur captain (Vaults:4)
  A deep elf high priest (Elf:3)
  8 great orbs of eyes
  2 caustic shrike simulacra (Coc:4)
  A juggernaut simulacrum (Coc:4)
  A centaur warrior (Vaults:1)
  A two-headed ogre (shapeshifter) (Zig:10)
  A two-headed ogre (Vaults:5)
  A hell knight (Abyss:5)
  2 deep trolls
  A sea snake (Zig:13)
  A goliath frog (shapeshifter) (Vaults:5)
  3 glowing orange brains
  A lindwurm (shapeshifter) (Vaults:1)
  A steelbarb worm (shapeshifter) (Vaults:5)
  A spriggan simulacrum (Coc:4)
  A wizard (Vaults:3)
  2 lindwurms (Vaults:4)
  4 harpies (Vaults:1)
  An apocalypse crab (Abyss:5)
  A vault sentinel (Vaults:4)
  2 titan simulacra
  An elephant (shapeshifter) (Depths:2)
  An iron giant simulacrum (Coc:3)
  3 yaktaurs (Vaults:4)
  An anaconda simulacrum (Coc:3)
  3 bloated husks
  A merfolk (Zig:13)
  27 slime creatures
  6 raiju
  2 large abominations
  A water elemental (Elf:2)
  8 golden eyes
  A redback (shapeshifter) (Depths:2)
  A steam dragon (shapeshifter) (Depths:2)
  A steam dragon (Abyss:5)
  2 spatial vortices (Abyss:5)
  A chaos spawn (Zig:10)
  A vampire mosquito (Swamp:1)
  2 harpy simulacra (Coc:3)
  An acid dragon (shapeshifter) (Vaults:5)
  A swamp dragon zombie (Swamp:4)
  A wolf (Zig:11)
  3 starcursed masses
  171 jellies
  A quasit (Abyss:1)
  A spectral swamp drake (Swamp:4)
  4 small abominations
  A white imp (Abyss:1)
  3 endoplasms (Abyss:5)
  An orc (Elf:2)
  25 ball lightnings
  13 bushes (Abyss:6)
  9 demonic plants (Abyss:6)
  9 fire vortices
  10 foxfires (Abyss:6)
  98 fungi
  3 lurking horrors
  112 plants
  48 starspawn tentacles
  19 withered plants
646 creatures vanquished.

Grand Total: 4174 creatures vanquished

Notes
Turn   | Place    | Note
-------+----------+-------------------------------------------
     0 | D:1      | ThisWasInevitable the Octopode Transmuter began the quest
                  | for the Orb.
     0 | D:1      | Reached XP level 1. HP: 13/13 MP: 3/3
   142 | D:1      | Reached XP level 2. HP: 18/18 MP: 5/5
   551 | D:1      | Found Odaokewk's Magic Scroll Shop.
   882 | D:2      | Reached XP level 3. HP: 23/23 MP: 6/6
  1265 | D:2      | Found a sparkling altar of Nemelex Xobeh.
  1327 | D:2      | Reached XP level 4. HP: 25/28 MP: 7/7
  1332 | D:2      | Learned a level 4 spell: Ice Form
  2149 | D:3      | Found a glowing golden altar of the Shining One.
  2150 | D:3      | Found a radiant altar of Vehumet.
  2150 | D:3      | Found a glowing silver altar of Zin.
  2150 | D:3      | Found an ancient bone altar of Kikubaaqudgha.
  2150 | D:3      | Found a shadowy altar of Dithmenos.
  2151 | D:3      | Found a shimmering altar of Xom.
  2532 | D:4      | Noticed a phantom
  2687 | D:4      | Noticed a scorpion
  2699 | D:4      | Killed a scorpion
  2700 | D:4      | Reached skill level 1 in Ice Magic
  2700 | D:4      | Reached XP level 5. HP: 7/33 MP: 8/8
  3036 | D:5      | Entered Level 5 of the Dungeon
  3074 | D:5      | Reached skill level 5 in Transmutations
  3074 | D:5      | Reached XP level 6. HP: 17/38 MP: 9/9
  3257 | D:5      | Found a bloodstained altar of Trog.
  3914 | D:6      | Noticed an ice beast
  4000 | D:6      | Noticed a water moccasin
  4094 | D:6      | Killed a water moccasin
  4095 | D:6      | Reached XP level 7. HP: 26/43 MP: 10/10
  4282 | D:6      | Found a one-way gate to the infinite horrors of the Abyss.
  4282 | D:6      | Noticed twist's ghost (novice GnCA)
  4286 | D:6      | Found a transporter.
  4351 | D:6      | Found a transporter.
  4360 | D:6      | Reached skill level 5 in Ice Magic
  4615 | D:6      | Found a hide-covered altar of Uskayaw.
  4838 | D:6      | Noticed an ancient zyme
  4966 | D:5      | Reached XP level 8. HP: 40/48 MP: 11/11
  5281 | D:5      | Found Naenargh's Self-Improvement Boutique.
  6293 | D:3      | Learned a level 3 spell: Ozocubu's Armour
  6342 | D:7      | Noticed Joseph
  6356 | D:7      | Killed Joseph
  6610 | D:7      | Reached XP level 9. HP: 53/53 MP: 9/12
  7708 | D:1      | Bought 2 scrolls of identify for 48 gold pieces
  7708 | D:1      | Bought a scroll of teleportation for 36 gold pieces
  7708 | D:1      | Bought a scroll of fear for 48 gold pieces
  7876 | D:6      | Learned a level 4 spell: Summon Ice Beast
  7889 | D:6      | Reached skill level 1 in Stealth
  8062 | D:7      | Reached skill level 1 in Summonings
  8221 | D:7      | Noticed Maggie
  9061 | D:7      | Found a staircase to the Ecumenical Temple.
  9092 | Temple   | Entered the Ecumenical Temple
  9299 | D:8      | Reached XP level 10. HP: 41/61 MP: 11/14
 10233 | D:9      | Noticed a cyclops
 10245 | D:9      | Killed a cyclops
 10604 | D:9      | Found a staircase to the Orcish Mines.
 10624 | D:9      | HP: 3/75 [something (17)]
 10638 | D:9      | Reached skill level 5 in Unarmed Combat
 11142 | D:9      | Found an opulent altar of Gozag.
 11143 | D:9      | Found a sparkling altar of Nemelex Xobeh.
 11265 | D:9      | Became a worshipper of Gozag Ym Sagoz the Greedy
 11497 | D:9      | Learned a level 3 spell: Frozen Ramparts
 12128 | D:9      | Reached skill level 5 in Dodging
 12227 | D:10     | Entered Level 10 of the Dungeon
 12276 | D:10     | Noticed Erica
 12302 | D:10     | Reached XP level 11. HP: 34/70 MP: 16/18
 12765 | D:10     | Noticed Lodul
 12766 | D:10     | Found a shimmering blue altar of Sif Muna.
 12770 | D:10     | Reached skill level 5 in Fighting
 12775 | D:10     | Reached skill level 5 in Spellcasting
 13030 | D:11     | You fall into a shaft and drop 1 floor!
 13112 | D:11     | Noticed a two-headed ogre
 13112 | D:11     | Noticed a purple ugly thing
 13139 | D:12     | Identified the +7 flail of Honour {spect, Fragile rPois
                  | Int+4}
 13149 | D:12     | Noticed Fannar
 13167 | D:12     | Killed Fannar
 13491 | D:12     | Noticed a manticore
 13500 | D:12     | Killed a manticore
 13757 | D:11     | Noticed a skeletal warrior
 13775 | D:11     | Killed a skeletal warrior
 14004 | D:11     | Found a staircase to the Lair.
 14023 | D:11     | Killed a two-headed ogre
 14048 | D:11     | Learned a level 2 spell: Blink
 14111 | Lair:1   | Entered Level 1 of the Lair of Beasts
 14381 | Lair:1   | Reached skill level 1 in Translocations
 14381 | Lair:1   | Reached XP level 12. HP: 80/80 MP: 18/21
 15781 | Lair:2   | HP: 4/97 [komodo dragon (13)]
 17317 | Lair:3   | You fall into a shaft and drop 2 floors!
 17317 | Lair:5   | Entered Level 5 of the Lair of Beasts
 17517 | Lair:5   | Noticed a catoblepas
 17535 | Lair:5   | Killed a catoblepas
 17536 | Lair:5   | Reached XP level 13. HP: 36/88 MP: 17/24
 17992 | Lair:4   | Found a viscous altar of Jiyva.
 17992 | Lair:4   | Found a staircase to the Slime Pits.
 18218 | Lair:4   | Learned a level 1 spell: Necrotise
 18226 | Lair:3   | Found a staircase to the Snake Pit.
 19528 | Lair:3   | Found a staircase to the Swamp.
 20844 | Lair:5   | Reached skill level 5 in Stealth
 21113 | Lair:5   | Reached XP level 14. HP: 97/97 MP: 26/26
 21167 | Lair:5   | Reached skill level 10 in Unarmed Combat
 21671 | Lair:1   | Upgraded the game from 0.30-a0-321-gf7783e6616 to
                  | 0.30-a0-325-gb515db48ae
 21679 | Lair:1   | Learned a level 7 spell: Storm Form
 21888 | D:11     | Reached skill level 10 in Transmutations
 22169 | D:11     | Reached skill level 1 in Air Magic
 22378 | D:11     | Identified the +8 sling "Haubeu" {antimagic, Dex+3}
 24120 | D:13     | Found a stormy altar of Qazlal.
 24342 | D:13     | Found a portal to a secret trove of treasure.
 25185 | D:14     | Reached skill level 5 in Air Magic
 25294 | D:14     | Noticed Nessos
 25305 | D:14     | Killed Nessos
 26018 | D:14     | Reached XP level 15. HP: 103/103 MP: 28/28
 26115 | Lair:1   | Bought the Quarto of Congelation and Spellbinding for 480
                  | gold pieces
 26121 | Lair:1   | Learned a level 5 spell: Freezing Cloud
 26122 | Lair:1   | Bought the ring "Uqioruib" {rN+ rCorr Int+6} for 744 gold
                  | pieces
 26268 | D:7      | Killed Maggie
 27504 | D:10     | Killed Lodul
 27660 | D:10     | Found a snail-covered altar of Cheibriados.
 27756 | D:10     | Noticed Josephine
 27765 | D:10     | Killed Josephine
 27887 | D:10     | Noticed Erolcha
 27895 | D:10     | Killed Erolcha
 27903 | D:10     | Killed Erica
 28273 | Orc:1    | Entered Level 1 of the Orcish Mines
 28778 | Orc:1    | Found a dark tunnel.
 29330 | Orc:2    | Entered Level 2 of the Orcish Mines
 29445 | Orc:2    | Noticed an orc warlord
 29452 | Orc:2    | Killed an orc warlord
 29578 | Orc:2    | Gained mutation: [You are clumsy. (Dex -2)] [mutagenic
                  | glow]
 29766 | Orc:2    | Found Wurror's Distillery.
 29768 | Orc:2    | Found Bomits's General Store.
 29987 | Orc:2    | Bought a potion of mutation for 96 gold pieces
 29987 | Orc:2    | Bought a potion of invisibility for 96 gold pieces
 30384 | Orc:2    | HP: 2/103 [demonspawn (14)]
 30882 | Orc:2    | Found a staircase to the Elven Halls.
 31073 | Orc:2    | Reached skill level 10 in Dodging
 31081 | Orc:2    | Reached skill level 10 in Air Magic
 31245 | Orc:2    | Reached skill level 10 in Fighting
 31447 | Orc:2    | Found Zaej's Jewellery Shoppe.
 31447 | Orc:2    | Found Noop's Antique Weapon Emporium.
 31448 | Orc:2    | Found a one-way gate leading to the halls of Pandemonium.
 31661 | Orc:2    | Bought a +6 ring of intelligence for 612 gold pieces
 31661 | Orc:2    | Bought an amulet of reflection for 510 gold pieces
 31661 | Orc:2    | Bought a ring of willpower for 425 gold pieces
 31835 | D:6      | Killed twist's ghost
 32444 | D:14     | Reached XP level 16. HP: 102/109 MP: 29/29
 32758 | D:14     | Found a gate to the Vaults.
 32848 | D:15     | Entered Level 15 of the Dungeon
 32864 | D:15     | Found Oseox's Demolitions Depot.
 32912 | D:15     | Found a gate leading to a gauntlet.
 32918 | Gauntlet | Entered a Gauntlet
 32918 | Gauntlet | Found a transporter.
 32918 | Gauntlet | Found a runed translucent gate.
 32918 | Gauntlet | Found a transporter.
 32922 | Gauntlet | Found a runed translucent gate.
 32923 | Gauntlet | Found a runed translucent gate.
 32931 | Gauntlet | Found a transporter.
 32949 | Gauntlet | Found a transporter.
 32949 | Gauntlet | Found a transporter.
 32949 | Gauntlet | Found a transporter.
 32951 | Gauntlet | Found a transporter.
 32951 | Gauntlet | Found a transporter.
 32966 | Gauntlet | Found a transporter.
 32979 | Gauntlet | Found a transporter.
 32989 | Gauntlet | Found a transporter.
 33006 | Gauntlet | Found a transporter.
 33023 | Gauntlet | Found a transporter.
 33026 | Gauntlet | Found a runed translucent door.
 33031 | Gauntlet | Found a runed translucent door.
 33035 | Gauntlet | Found a transporter.
 33287 | Gauntlet | Identified the ring "Wupt" {Ice +Blink Will+}
 33325 | Gauntlet | Identified the +4 glaive of Extremism {vorpal, rN++}
 33616 | Gauntlet | Got the Incunable of Helpful Forms
 33903 | D:15     | Found a staircase to the Depths.
 34785 | D:15     | Learned a level 2 spell: Wereblood
 35568 | Snake:1  | Entered Level 1 of the Snake Pit
 35626 | Snake:1  | Noticed a nagaraja
 35637 | Snake:1  | Killed a nagaraja
 36563 | Snake:1  | Noticed Nikola
 36574 | Snake:1  | Killed Nikola
 38440 | Snake:3  | Reached XP level 17. HP: 102/119 MP: 15/30
 38961 | Snake:3  | Noticed a tentacled monstrosity
 39032 | Snake:3  | Killed a tentacled monstrosity
 40482 | Snake:4  | Entered Level 4 of the Snake Pit
 40838 | Snake:4  | Noticed Aizul
 40848 | Snake:4  | Killed Aizul
 41196 | Snake:3  | Noticed a tentacled monstrosity
 41205 | Snake:3  | Killed a tentacled monstrosity
 41363 | Snake:4  | Reached skill level 1 in Necromancy
 41953 | Snake:4  | Found Fuver's General Store.
 41955 | Snake:4  | Found Ypoo's Antique Weapon Shop.
 41955 | Snake:4  | Found Hocwipp's Jewellery Boutique.
 41960 | Snake:4  | Bought a scroll of poison for 60 gold pieces
 41960 | Snake:4  | Found Iluateese's Antique Weapon Shop.
 42074 | Snake:4  | Found a runed translucent door.
 42287 | Snake:4  | Reached XP level 18. HP: 75/127 MP: 31/31
 43221 | Snake:4  | Got a serpentine rune of Zot
 43555 | Lair:1   | Bought the amulet of Vitality {RegenMP++ Regen++} for 1300
                  | gold pieces
 43555 | Lair:1   | Found the amulet of Vitality {RegenMP++ Regen++}
 43678 | Lair:1   | Identified a scroll of acquirement
 43679 | Lair:1   | Acquired the ring of Olifru {rN++ SInv}
 43696 | Lair:1   | Bought the ring of Shadows {Umbra +Inv Stlth+} for 560 gold
                  | pieces
 43696 | Lair:1   | Found the ring of Shadows {Umbra +Inv Stlth+}
 43767 | Slime:1  | Entered Level 1 of the Pits of Slime
 43911 | Lair:4   | Fell from the grace of Gozag
 43911 | Lair:4   | Became a worshipper of Jiyva Jebull the Shapeless
 44241 | Slime:2  | Found a viscous altar of Jiyva.
 44889 | Slime:5  | Entered Level 5 of the Pits of Slime
 44945 | Slime:5  | Noticed the Royal Jelly
 45076 | Slime:5  | Found a viscous altar of Jiyva.
 45571 | Swamp:1  | Entered Level 1 of the Swamp
 45824 | Swamp:1  | Lost mutation: [You are clumsy. (Dex -2)] [potion of
                  | mutation]
 45824 | Swamp:1  | Gained mutation: [Your body sometimes deteriorates upon
                  | taking damage.] [potion of mutation]
 45824 | Swamp:1  | Gained mutation: One of your tentacles bears a spike.
                  | [potion of mutation]
 45845 | Swamp:1  | Noticed a tentacled monstrosity
 45855 | Swamp:1  | Killed a tentacled monstrosity
 46379 | Swamp:2  | Reached skill level 5 in Necromancy
 46380 | Swamp:2  | Noticed Donald
 46393 | Swamp:2  | Killed Donald
 46763 | Swamp:2  | Reached * piety under Jiyva
 46824 | Swamp:2  | Noticed Louise
 46846 | Swamp:2  | Killed Louise
 47126 | Swamp:3  | Noticed Mlioglotl
 47139 | Swamp:3  | Killed Mlioglotl
 47193 | Swamp:3  | Found a frozen archway.
 47205 | IceCv    | Entered an ice cave
 47205 | IceCv    | Reached ** piety under Jiyva
 47301 | IceCv    | Found the +0 staff of Battle
 47460 | IceCv    | Reached XP level 19. HP: 128/135 MP: 32/32
 47666 | IceCv    | Noticed a shard shrike
 47782 | IceCv    | Killed a shard shrike
 48013 | IceCv    | Identified the ring "Zasucvisch" {rCorr EV+4 Str+4 Stlth+}
 48287 | Swamp:3  | Reached skill level 10 in Spellcasting
 48345 | Swamp:3  | Noticed Roxanne
 48362 | Swamp:3  | Killed Roxanne
 48420 | Swamp:3  | Reached *** piety under Jiyva
 48637 | Swamp:3  | Gained mutation: You possess an exceptional clarity of
                  | mind. [Jiyva's grace]
 48637 | Swamp:3  | Gained mutation: Your body has grown eyes which may confuse
                  | attackers. (Acc +3) [Jiyva's grace]
 48637 | Swamp:3  | Gained mutation: Your body has grown many eyes which may
                  | confuse attackers. (Acc +5) [Jiyva's grace]
 48637 | Swamp:3  | Gained mutation: Your body is covered in eyes which may
                  | confuse attackers. (Acc +7, SInv) [Jiyva's grace]
 48746 | Swamp:4  | Entered Level 4 of the Swamp
 49082 | Swamp:4  | Reached **** piety under Jiyva
 49184 | Swamp:4  | Learned a level 6 spell: Death Channel
 49739 | Swamp:4  | Noticed a bone dragon
 49759 | Swamp:4  | Killed a bone dragon
 49774 | Swamp:4  | Got a decaying rune of Zot
 50338 | Vaults:1 | Entered Level 1 of the Vaults
 50810 | Vaults:1 | Identified the +1 short sword of Zauk {vorpal, rElec rF+
                  | Will+++ Dex-5}
 50815 | Vaults:1 | Reached ***** piety under Jiyva
 50856 | Vaults:1 | Reached XP level 20. HP: 112/144 MP: 34/34
 50963 | Vaults:1 | Reached skill level 15 in Unarmed Combat
 50971 | Vaults:1 | Was forgiven by Gozag
 51041 | Vaults:1 | Lost mutation: [Your body sometimes deteriorates upon
                  | taking damage.] [Jiyva's grace]
 51041 | Vaults:1 | Gained mutation: Your mind is acute. (Int +4, Str/Dex -1)
                  | [Jiyva's grace]
 51041 | Vaults:1 | Gained mutation: Your mind is very acute. (Int +8, Str/Dex
                  | -2) [Jiyva's grace]
 51041 | Vaults:1 | Gained mutation: You have a small jelly attached to you
                  | that senses nearby items. [Jiyva's grace]
 51041 | Vaults:1 | Gained mutation: A frigid envelope surrounds you and
                  | freezes all who hurt you. [Jiyva's grace]
 51129 | Vaults:1 | Identified the +1 scale mail "Kaewamo" {+Inv rC+ Str-2
                  | Dex+2}
 51681 | Vaults:1 | Reached skill level 15 in Dodging
 51920 | Vaults:2 | Reached skill level 15 in Air Magic
 51960 | Vaults:2 | Found a flickering gateway to a bazaar.
 51969 | Bazaar   | Entered a bazaar
 51969 | Bazaar   | Found Rapsefie's Antique Armour Emporium.
 51976 | Bazaar   | Found Kudghisoi's Book Boutique.
 51984 | Bazaar   | Found Eger's Magic Scroll Boutique.
 51995 | Bazaar   | Found Tobell's General Store.
 52011 | Bazaar   | Found Hyoleam's Antique Weapon Shop.
 52058 | Bazaar   | Bought a scroll of teleportation for 21 gold pieces
 52058 | Bazaar   | Bought a scroll of teleportation for 21 gold pieces
 52058 | Bazaar   | Bought a scroll of immolation for 28 gold pieces
 52058 | Bazaar   | Bought a scroll of magic mapping for 52 gold pieces
 52058 | Bazaar   | Bought a scroll of summoning for 66 gold pieces
 52082 | Bazaar   | Bought a scroll of identify for 30 gold pieces
 52082 | Bazaar   | Bought a scroll of identify for 30 gold pieces
 52119 | Bazaar   | Reached skill level 15 in Fighting
 52119 | Bazaar   | Reached XP level 21. HP: 151/151 MP: 36/36
 52128 | Bazaar   | Learned a level 6 spell: Conjure Ball Lightning
 52385 | Vaults:2 | Was placed under penance by Jiyva
 52641 | Vaults:2 | Was forgiven by Jiyva
 53228 | Vaults:3 | Lost mutation: One of your tentacles bears a spike.
                  | [Jiyva's grace]
 53228 | Vaults:3 | Lost mutation: A frigid envelope surrounds you and freezes
                  | all who hurt you. [Jiyva's grace]
 53228 | Vaults:3 | Lost mutation: Your body is covered in eyes which may
                  | confuse attackers. (Acc +7, SInv) [Jiyva's grace]
 53228 | Vaults:3 | Lost mutation: Your body has grown many eyes which may
                  | confuse attackers. (Acc +5) [Jiyva's grace]
 53228 | Vaults:3 | Lost mutation: You have a small jelly attached to you that
                  | senses nearby items. [Jiyva's grace]
 53228 | Vaults:3 | Gained mutation: You have supernaturally acute eyesight.
                  | (SInv) [Jiyva's grace]
 53228 | Vaults:3 | Gained mutation: You are robust. (+10% HP) [Jiyva's grace]
 53228 | Vaults:3 | Gained mutation: You are very robust. (+20% HP) [Jiyva's
                  | grace]
 53228 | Vaults:3 | Gained mutation: You are extremely robust. (+30% HP)
                  | [Jiyva's grace]
 53322 | Vaults:3 | Identified the +5 great sword of Pride {elec, rN+ Str+2
                  | SInv}
 53421 | Vaults:3 | Reached ****** piety under Jiyva
 54015 | Vaults:3 | Found a staircase to the Crypt.
 54612 | Slime:5  | Identified the +1 ring mail of Starshine {rF+}
 54619 | Slime:5  | Identified the +7 chain mail of the Unbroken {rC+++ Int+5
                  | Dex-5}
 54658 | Slime:5  | Got a slimy rune of Zot
 54946 | Depths:1 | Entered Level 1 of the Depths
 55028 | Depths:1 | Reached skill level 1 in Conjurations
 55067 | Depths:1 | Reached XP level 22. HP: 206/206 MP: 38/38
 55155 | Depths:1 | Found Urchuen's Weapon Shoppe.
 55166 | Depths:1 | Noticed Mara
 55195 | Depths:1 | Killed Mara
 55500 | Depths:1 | Lost mutation: You possess an exceptional clarity of mind.
                  | [Jiyva's grace]
 55500 | Depths:1 | Lost mutation: You are extremely robust. (+30% HP) [Jiyva's
                  | grace]
 55500 | Depths:1 | Gained mutation: Your muscles are strong. (Str +4, Int/Dex
                  | -1) [Jiyva's grace]
 55500 | Depths:1 | Gained mutation: Your muscles are very strong. (Str +8,
                  | Int/Dex -2) [Jiyva's grace]
 55500 | Depths:1 | Gained mutation: Your melee attacks may engulf your foes in
                  | ooze. [Jiyva's grace]
 55500 | Depths:1 | Gained mutation: You passively map a small area around you.
                  | [Jiyva's grace]
 55524 | Depths:1 | Found Doeli's Distillery.
 55535 | Depths:1 | Found Puolesh's Jewellery Boutique.
 55536 | Depths:1 | Found Yxyedid's Book Shoppe.
 55537 | Depths:1 | Found Apnoziv's Jewellery Boutique.
 55593 | Depths:1 | Found a white marble altar of Elyvilon.
 55594 | Depths:1 | Found a runed translucent door.
 55696 | Depths:1 | Found a gateway to Hell.
 55876 | Depths:2 | Found Xevigace's Assorted Antiques.
 56156 | Depths:2 | Noticed a caustic shrike
 56165 | Depths:2 | Killed a caustic shrike
 56433 | Depths:2 | Noticed a juggernaut
 56438 | Depths:2 | Identified the +1 leather armour of Subjectivity {Rampage}
 56443 | Depths:2 | Killed a juggernaut
 56444 | Depths:2 | Reached skill level 5 in Conjurations
 56444 | Depths:2 | Found Seabiupa's General Store.
 56628 | Depths:2 | Found Xow Obel's Antique Armour Emporium.
 56701 | Depths:2 | Found Big Baal Hell's Store.
 56773 | Depths:2 | Found a one-way gateway to a ziggurat.
 56788 | Depths:2 | Reached XP level 23. HP: 172/199 MP: 30/40
 56810 | Depths:2 | Noticed a caustic shrike
 56816 | Depths:2 | Killed a caustic shrike
 56851 | Depths:2 | Noticed a caustic shrike
 56857 | Depths:2 | Killed a caustic shrike
 56963 | Depths:2 | Got the Vellum of Congelation and the Traveller
 57213 | Depths:2 | Lost mutation: You have supernaturally acute eyesight.
                  | (SInv) [Jiyva's grace]
 57213 | Depths:2 | Lost mutation: You are very robust. (+20% HP) [Jiyva's
                  | grace]
 57213 | Depths:2 | Lost mutation: Your muscles are very strong. (Str +8,
                  | Int/Dex -2) [Jiyva's grace]
 57213 | Depths:2 | Gained mutation: Armour fits poorly on your pseudopods.
                  | [Jiyva's grace]
 57213 | Depths:2 | Gained mutation: Armour fits poorly on your large
                  | pseudopods. [Jiyva's grace]
 57213 | Depths:2 | Gained mutation: Armour fits poorly on your massive
                  | pseudopods. [Jiyva's grace]
 57213 | Depths:2 | Gained mutation: One of your tentacles bears a spike.
                  | [Jiyva's grace]
 57238 | Depths:2 | Found a corrupted altar of Lugonu.
 57248 | Depths:2 | Found Apraz's Assorted Antiques.
 57323 | Depths:2 | Noticed a caustic shrike
 57328 | Depths:2 | Killed a caustic shrike
 57934 | Depths:3 | Noticed a golden dragon
 57942 | Depths:3 | Killed a golden dragon
 58171 | Depths:3 | Identified the +1 scimitar of Misieqid {drain, rF+}
 58515 | Depths:4 | Entered Level 4 of the Depths
 58730 | Depths:4 | Noticed a caustic shrike
 58730 | Depths:4 | Noticed a caustic shrike
 58731 | Depths:4 | Noticed a caustic shrike
 58731 | Depths:4 | Noticed a caustic shrike
 58732 | Depths:4 | Noticed a caustic shrike
 58741 | Depths:4 | Killed a caustic shrike
 58743 | Depths:4 | Killed a caustic shrike
 58744 | Depths:4 | Killed a caustic shrike
 58745 | Depths:4 | Killed a caustic shrike
 58748 | Depths:4 | Killed a caustic shrike
 58973 | Depths:4 | Found a gate to the Realm of Zot.
 58984 | Depths:4 | Reached XP level 24. HP: 155/192 MP: 40/40
 59039 | Depths:4 | Lost mutation: One of your tentacles bears a spike.
                  | [Jiyva's grace]
 59039 | Depths:4 | Lost mutation: Your muscles are strong. (Str +4, Int/Dex
                  | -1) [Jiyva's grace]
 59039 | Depths:4 | Lost mutation: Your body has grown eyes which may confuse
                  | attackers. (Acc +3) [Jiyva's grace]
 59039 | Depths:4 | Lost mutation: Armour fits poorly on your massive
                  | pseudopods. [Jiyva's grace]
 59039 | Depths:4 | Gained mutation: You possess an exceptional clarity of
                  | mind. [Jiyva's grace]
 59039 | Depths:4 | Gained mutation: You are agile. (Dex +4, Str/Int -1)
                  | [Jiyva's grace]
 59039 | Depths:4 | Gained mutation: You are very agile. (Dex +8, Str/Int -2)
                  | [Jiyva's grace]
 59039 | Depths:4 | Gained mutation: One of your tentacles bears a spike.
                  | [Jiyva's grace]
 59604 | Hell     | Entered the Vestibule of Hell
 59604 | Hell     | Noticed Geryon
 59879 | Elf:1    | Entered Level 1 of the Elven Halls
 60130 | Elf:1    | Found a large runed translucent door.
 60130 | Elf:1    | Found a large runed translucent door.
 60251 | Elf:1    | Noticed LetschGu's ghost (adept SpHs)
 60498 | Elf:1    | Found the +6 arbalest "Damnation" {damnation}
 60791 | Elf:1    | Killed LetschGu's ghost
 60826 | Elf:2    | Identified the +9 scale mail "Joosotav" {rPois}
 60861 | Elf:2    | Found an ancient bone altar of Kikubaaqudgha.
 61088 | Elf:2    | Found a runed translucent gate.
 61088 | Elf:2    | Found a runed translucent gate.
 61088 | Elf:2    | Found a runed translucent gate.
 61332 | Elf:2    | Noticed Saint Roka
 61350 | Elf:2    | Killed Saint Roka
 61587 | Elf:3    | Entered Level 3 of the Elven Halls
 61684 | Elf:3    | Lost mutation: You passively map a small area around you.
                  | [Jiyva's grace]
 61684 | Elf:3    | Lost mutation: You are robust. (+10% HP) [Jiyva's grace]
 61684 | Elf:3    | Gained mutation: You are partially covered in large bone
                  | plates. (SH +4) [Jiyva's grace]
 61684 | Elf:3    | Gained mutation: You are mostly covered in large bone
                  | plates. (SH +6) [Jiyva's grace]
 61684 | Elf:3    | Gained mutation: You are completely covered in large bone
                  | plates. (SH +8) [Jiyva's grace]
 61684 | Elf:3    | Gained mutation: You are robust. (+10% HP) [Jiyva's grace]
 61942 | Elf:3    | Identified the ring of Faxougoi {rPois rF+ rC- Str+6 SInv}
 62045 | Elf:3    | Found the +5 robe of Night {Dark Will+ SInv}
 62072 | Elf:3    | Identified the +6 spear of the Warrior {flame, rElec rPois}
 62111 | Elf:3    | Identified the +11 rapier of Apidghuk {freeze, SInv}
 62114 | Elf:3    | Got the Reference Book on Macabre Concussion
 62131 | Elf:3    | Identified the ring "Naunetoj" {Fly SInv}
 62266 | Elf:3    | Found Wois's Armour Shoppe.
 62519 | Elf:3    | Identified the +3 ring mail of Cowardice {rN+ Stlth+}
 63237 | Vaults:4 | Reached XP level 25. HP: 201/201 MP: 41/41
 63556 | Vaults:4 | Identified the +9 falchion of Qiunlen {flame, +Blink rCorr
                  | Stlth-}
 64104 | Vaults:5 | Entered Level 5 of the Vaults
 64104 | Vaults:5 | Noticed an ancient lich
 64109 | Vaults:5 | Reached skill level 10 in Conjurations
 64141 | Vaults:5 | Reached skill level 15 in Spellcasting
 64144 | Vaults:5 | Killed an ancient lich
 64434 | Vaults:5 | Identified the +5 sling "Seidinood" {flame, Fly Int+5}
 64521 | Vaults:5 | Lost mutation: One of your tentacles bears a spike.
                  | [Jiyva's grace]
 64521 | Vaults:5 | Lost mutation: You are completely covered in large bone
                  | plates. (SH +8) [Jiyva's grace]
 64521 | Vaults:5 | Gained mutation: Armour fits poorly on your massive
                  | pseudopods. [Jiyva's grace]
 64521 | Vaults:5 | Gained mutation: One of your tentacles bears a spike.
                  | [Jiyva's grace]
 64521 | Vaults:5 | Gained mutation: One of your tentacles bears a nasty spike.
                  | [Jiyva's grace]
 64521 | Vaults:5 | Gained mutation: One of your tentacles bears a large
                  | vicious spike. [Jiyva's grace]
 64843 | Vaults:5 | Found the +2 hood of the Assassin {Detection Stab+ Stlth++}
 64848 | Vaults:5 | Identified the ring "Quitoa" {rCorr Str+6 Int+2 Dex+5}
 64859 | Vaults:5 | Identified the +5 scale mail "Jofeow" {rCorr}
 64864 | Vaults:5 | Identified the +3 helmet "Kifonaf" {-Cast Harm rN+}
 64879 | Vaults:5 | Identified the +4 chain mail of the Land of Plenty {rElec
                  | rPois Will- Int+4}
 64939 | Vaults:5 | Reached XP level 26. HP: 210/210 MP: 42/42
 65000 | Vaults:5 | Identified the +10 battleaxe of False Hope {flame, rN+
                  | rCorr SInv}
 65013 | Vaults:5 | Found the ring of the Tortoise {AC+8}
 65044 | Vaults:5 | Identified the +7 hand axe of Getac {freeze, Will+ Int+4
                  | Dex+5}
 65226 | Vaults:5 | Got a silver rune of Zot
 65259 | Vaults:5 | a rockslime changed into a juggernaut
 65259 | Vaults:5 | Noticed a juggernaut (glowing shapeshifter)
 65265 | Vaults:5 | a juggernaut changed into a shard shrike
 65265 | Vaults:5 | Noticed a shard shrike (glowing shapeshifter)
 65362 | Vaults:5 | Learned a level 8 spell: Maxwell's Capacitive Coupling
 65535 | Crypt:1  | Entered Level 1 of the Crypt
 65759 | Crypt:1  | You are sucked into a shaft and drop 1 floor!
 65759 | Crypt:2  | Noticed Xtahua
 65768 | Crypt:2  | Killed Xtahua
 65809 | Crypt:2  | Noticed Vv
 65821 | Crypt:2  | Killed Vv
 66303 | Crypt:1  | Identified the +0 helmet "Ocsoitaz" {rElec}
 66722 | Crypt:2  | Lost mutation: You are mostly covered in large bone plates.
                  | (SH +6) [Jiyva's grace]
 66722 | Crypt:2  | Lost mutation: You are very agile. (Dex +8, Str/Int -2)
                  | [Jiyva's grace]
 66722 | Crypt:2  | Lost mutation: You possess an exceptional clarity of mind.
                  | [Jiyva's grace]
 66722 | Crypt:2  | Lost mutation: Armour fits poorly on your massive
                  | pseudopods. [Jiyva's grace]
 66722 | Crypt:2  | Lost mutation: Your melee attacks may engulf your foes in
                  | ooze. [Jiyva's grace]
 66722 | Crypt:2  | Gained mutation: You have a small jelly attached to you
                  | that may absorb projectiles. [Jiyva's grace]
 66722 | Crypt:2  | Gained mutation: Your spells are a little harder to cast,
                  | but a little more powerful. [Jiyva's grace]
 66722 | Crypt:2  | Gained mutation: Your spells are harder to cast, but more
                  | powerful. [Jiyva's grace]
 66722 | Crypt:2  | Gained mutation: Your spells are much harder to cast, but
                  | much more powerful. [Jiyva's grace]
 67056 | Crypt:3  | Entered Level 3 of the Crypt
 67201 | Crypt:3  | Noticed Mennas
 67221 | Crypt:3  | Killed Mennas
 67623 | Crypt:3  | Found an ancient bone altar of Kikubaaqudgha.
 67979 | Crypt:3  | Noticed Grunn
 68001 | Crypt:3  | Killed Grunn
 68011 | Crypt:3  | Reached XP level 27. HP: 47/216 MP: 42/42
 68266 | Crypt:3  | Reached skill level 15 in Conjurations
 68304 | Crypt:3  | Found a staircase to the Tomb.
 68319 | Crypt:3  | Acquired the +3 warlock's mirror {reflect}
 68319 | Crypt:3  | Found the +3 warlock's mirror {reflect}
 68908 | Hell     | Killed Geryon
 69106 | Hell     | Found a gateway to the Iron City of Dis.
 69162 | Hell     | Found a gateway to the freezing wastes of Cocytus.
 69187 | Hell     | Lost mutation: One of your tentacles bears a large vicious
                  | spike. [Jiyva's grace]
 69187 | Hell     | Lost mutation: Your mind is very acute. (Int +8, Str/Dex
                  | -2) [Jiyva's grace]
 69187 | Hell     | Lost mutation: Your spells are much harder to cast, but
                  | much more powerful. [Jiyva's grace]
 69187 | Hell     | Lost mutation: Your spells are harder to cast, but more
                  | powerful. [Jiyva's grace]
 69187 | Hell     | Gained mutation: You have acidic saliva. [Jiyva's grace]
 69187 | Hell     | Gained mutation: Your mind is very acute. (Int +8, Str/Dex
                  | -2) [Jiyva's grace]
 69187 | Hell     | Gained mutation: You are very agile. (Dex +8, Str/Int -2)
                  | [Jiyva's grace]
 69187 | Hell     | Gained mutation: You have hidden genetic potential.
                  | [Jiyva's grace]
 69286 | Hell     | Found a gateway to the decaying netherworld of Tartarus.
 69345 | Hell     | Found a gateway to the ashen valley of Gehenna.
 69393 | Hell     | Learned a level 9 spell: Chain Lightning
 69523 | Depths:1 | Voluntarily entered the Abyss.
 69644 | Abyss:1  | Learned a level 1 spell: Apportation
 69859 | Abyss:1  | Gained mutation: [Your body sometimes deteriorates upon
                  | taking damage.] [a neqoxec]
 69860 | Abyss:1  | Gained mutation: You are weak. (Str -2) [a neqoxec]
 70398 | Abyss:4  | Found a corrupted altar of Lugonu.
 70555 | Abyss:5  | Reached skill level 10 in Stealth
 70697 | Abyss:5  | Paralysed by accursed screaming for 2 turns
 70760 | Abyss:5  | Noticed an ancient lich
 70765 | Abyss:5  | Killed an ancient lich
 70768 | Abyss:5  | Got an abyssal rune of Zot
 70790 | Depths:1 | Escaped the Abyss
 70868 | Zig:1    | Entered Level 1 of a ziggurat
 70869 | Zig:1    | Noticed Vaupitz the pandemonium lord
 70882 | Zig:1    | Killed Vaupitz the pandemonium lord
 70920 | Zig:2    | Entered Level 2 of a ziggurat
 70922 | Zig:2    | Lost mutation: One of your tentacles bears a nasty spike.
                  | [Jiyva's grace]
 70922 | Zig:2    | Lost mutation: You are very agile. (Dex +8, Str/Int -2)
                  | [Jiyva's grace]
 70922 | Zig:2    | Lost mutation: Your mind is very acute. (Int +8, Str/Dex
                  | -2) [Jiyva's grace]
 70922 | Zig:2    | Lost mutation: You are weak. (Str -2) [Jiyva's grace]
 70922 | Zig:2    | Lost mutation: You have acidic saliva. [Jiyva's grace]
 70922 | Zig:2    | Lost mutation: Armour fits poorly on your large pseudopods.
                  | [Jiyva's grace]
 70922 | Zig:2    | Gained mutation: Your muscles are strong. (Str +4, Int/Dex
                  | -1) [Jiyva's grace]
 70922 | Zig:2    | Gained mutation: Your muscles are very strong. (Str +8,
                  | Int/Dex -2) [Jiyva's grace]
 70922 | Zig:2    | Gained mutation: Your melee attacks may engulf your foes in
                  | ooze. [Jiyva's grace]
 70922 | Zig:2    | Gained mutation: Your mind is very acute. (Int +8, Str/Dex
                  | -2) [Jiyva's grace]
 70942 | Zig:3    | Entered Level 3 of a ziggurat
 70963 | Zig:4    | Entered Level 4 of a ziggurat
 71116 | Zig:4    | Got Dumemp's Verses on Shocking Kindling
 71126 | Zig:5    | Entered Level 5 of a ziggurat
 71269 | Zig:6    | Entered Level 6 of a ziggurat
 71300 | Zig:6    | Identified the +0 leather armour of Xups {rPois}
 71333 | Zig:7    | Entered Level 7 of a ziggurat
 71387 | Zig:8    | Entered Level 8 of a ziggurat
 71407 | Zig:8    | Got the Quarto of Conjuring
 71413 | Zig:8    | Identified the +1 flail "Arcanum" {protect, rElec Int+6
                  | Dex-5}
 71414 | Zig:8    | Identified the +6 quarterstaff "Q" {speed, rC+}
 71463 | Zig:9    | Entered Level 9 of a ziggurat
 71473 | Zig:9    | Found the ring of the Mage {Wiz Archmagi}
 71490 | Zig:9    | Gained mutation: You are strong-willed. (Will+) [hidden
                  | potential]
 71495 | Zig:9    | Identified the ring of Tublom {rPois rC+ rN+++ rCorr
                  | Stlth-}
 71502 | Zig:9    | Identified the +5 shortbow "Bekk" {elec, rF+ Will- Stlth+}
 71503 | Zig:9    | Identified the ring "Utaucej" {rN+ Int+2}
 71520 | Zig:10   | Entered Level 10 of a ziggurat
 71531 | Zig:10   | Noticed Raagev the pandemonium lord
 71532 | Zig:10   | Noticed Atwi the pandemonium lord
 71539 | Zig:10   | Killed Atwi the pandemonium lord
 71543 | Zig:10   | Killed Raagev the pandemonium lord
 71560 | Zig:10   | Identified the +5 ring mail of Nioh {rElec}
 71574 | Zig:11   | Entered Level 11 of a ziggurat
 71599 | Zig:11   | Identified the ring "Bokhac" {rElec rPois Str+6}
 71627 | Zig:11   | Identified the +12 rapier of the Orange Skies {drain,
                  | Dex+2}
 71650 | Zig:12   | Entered Level 12 of a ziggurat
 71655 | Zig:12   | Noticed a royal mummy
 71656 | Zig:12   | Noticed a royal mummy
 71657 | Zig:12   | Noticed a royal mummy
 71660 | Zig:12   | Killed a royal mummy
 71661 | Zig:12   | Killed a royal mummy
 71673 | Zig:12   | Killed a royal mummy
 71707 | Zig:12   | Identified the +1 robe "Jotok" {rC- Will+ rCorr}
 71762 | Zig:13   | Entered Level 13 of a ziggurat
 71812 | Zig:13   | Got Further Progress in Witchery
 71813 | Zig:13   | Identified the +7 morningstar of Beyond {drain, Str+3}
 71827 | Zig:13   | Identified the +9 hand axe "Giant's Death Toll" {protect,
                  | Str+3}
 71834 | Zig:14   | Entered Level 14 of a ziggurat
 71851 | Zig:14   | Identified the ring of Uzxo {rPois rN+ Str-5 Stlth+}
 71879 | Zig:14   | Identified the +2 scale mail "Doonnedu" {rF- rC+ Str+3
                  | Dex+3}
 71887 | Zig:14   | Got the Textbook on Terrestrial Embers
 71893 | Zig:14   | Identified the +0 scale mail "Tyud" {rC+++ Str+6 Dex-5}
 71907 | Zig:15   | Entered Level 15 of a ziggurat
 71913 | Zig:15   | Noticed an ancient lich
 71915 | Zig:15   | Killed an ancient lich
 71916 | Zig:15   | Noticed a dread lich
 71918 | Zig:15   | Found the +3 pair of gauntlets of War {Slay+5}
 71992 | Depths:2 | Bought Biuthra's Vellum of the Blizzard for 1848 gold
                  | pieces
 72005 | Depths:2 | Learned a level 9 spell: Polar Vortex
 72064 | Coc:1    | Entered Level 1 of Cocytus
 72238 | Coc:2    | Reached skill level 10 in Ice Magic
 72267 | Coc:2    | You are sucked into a shaft and drop 1 floor!
 72489 | Depths:2 | Voluntarily entered the Abyss.
 72658 | Abyss:6  | Gained mutation: You passively map a small area around you.
                  | [hidden potential]
 72658 | Abyss:6  | Lost mutation: You have hidden genetic potential. [hidden
                  | potential expressed]
 72706 | Abyss:6  | Paralysed by accursed screaming for 2 turns
 72712 | Abyss:6  | Paralysed by accursed screaming for 2 turns
 72863 | Abyss:6  | Reached skill level 15 in Ice Magic
 72863 | Abyss:6  | Gained mutation: [You frequently scream uncontrollably at
                  | your foes.] [a cacodemon]
 72876 | Abyss:6  | Paralysed by accursed screaming for 1 turns
 72921 | Abyss:6  | Was placed under penance by Jiyva
 72935 | Depths:2 | Escaped the Abyss
 72979 | Depths:2 | Voluntarily entered the Abyss.
 73078 | Depths:2 | Escaped the Abyss
 73113 | Depths:2 | Learned a level 9 spell: Fire Storm
 73114 | Depths:2 | Voluntarily entered the Abyss.
 73119 | Abyss:7  | Entered Level 7 of the Abyss
 73134 | Abyss:7  | Reached skill level 1 in Fire Magic
 73172 | Abyss:7  | Paralysed by accursed screaming for 1 turns
 73174 | Abyss:7  | Paralysed by accursed screaming for 1 turns
 73181 | Abyss:7  | Paralysed by accursed screaming for 2 turns
 73200 | Abyss:7  | Noticed an ancient lich
 73213 | Abyss:7  | Reached skill level 5 in Fire Magic
 73228 | Abyss:7  | Noticed a dread lich
 73234 | Abyss:7  | Killed a dread lich
 73241 | Abyss:7  | Identified the +1 robe "Itaxaischu" {rN+ Regen+}
 73285 | Abyss:7  | Gained mutation: [You sometimes lose your temper in
                  | combat.] [a neqoxec]
 73306 | Depths:2 | Escaped the Abyss
 73399 | Zot:1    | Entered Level 1 of the Realm of Zot
 73403 | Zot:1    | Noticed an orb of fire
 73409 | Zot:1    | Gained mutation: [Your body often deteriorates upon taking
                  | damage.] [an orb of fire]
 73412 | Zot:1    | Gained mutation: [You frequently scream uncontrollably at
                  | your foes.] [an orb of fire]
 73416 | Zot:1    | Killed an orb of fire
 73528 | Depths:4 | Lost mutation: Your muscles are very strong. (Str +8,
                  | Int/Dex -2) [mutagenic glow]
 73544 | Depths:4 | Gained mutation: Potions are less effective at restoring
                  | your health. [mutagenic glow]
 73568 | Depths:4 | Gained mutation: You do not regenerate when monsters are
                  | visible. [mutagenic glow]
 73991 | Zot:2    | Found Roanwyen's CLEARANCE SALE!.
 74189 | Zot:2    | Found the +4 dragonskin cloak
 74189 | Zot:2    | Noticed Tiamat
 74202 | Zot:2    | Killed Tiamat
 74347 | Zot:2    | Lost mutation: Armour fits poorly on your pseudopods.
                  | [mutagenic glow]
 74349 | Zot:2    | Reached skill level 10 in Fire Magic
 75069 | Zot:4    | Found a transporter.
 75071 | Zot:4    | Found a transporter.
 75153 | Zot:4    | Noticed an orb of fire
 75311 | Zot:4    | Was forgiven by Jiyva
 75382 | Zot:4    | Found a transporter.
 75384 | Zot:4    | Noticed a dread lich
 75385 | Zot:4    | Noticed an orb of fire
 75403 | Zot:4    | Found a transporter.
 75429 | Zot:4    | Found a transporter.
 75936 | Zot:4    | Killed an orb of fire
 75936 | Zot:4    | Lost mutation: You are robust. (+10% HP) [an orb of fire]
 75937 | Zot:4    | Killed an orb of fire
 75950 | Zot:4    | Killed a dread lich
 75976 | Zot:4    | Identified the +2 pair of boots of the Planets {rF- Int+3
                  | Slay+2 Stlth+}
 75988 | Zot:4    | Identified the ring "Paj Olof" {+Blink Str+6 Slay+5}
 75995 | Zot:4    | Identified the +5 mace of Onyroger {protect, rF+++ Int-5
                  | Dex+5}
 76041 | Zot:5    | Entered Level 5 of the Realm of Zot
 76043 | Zot:5    | Noticed an orb of fire
 76043 | Zot:5    | Lost mutation: You are agile. (Dex +4, Str/Int -1) [an orb
                  | of fire]
 76046 | Zot:5    | Noticed an orb of fire
 76048 | Zot:5    | Lost mutation: Your muscles are strong. (Str +4, Int/Dex
                  | -1) [an orb of fire]
 76049 | Zot:5    | Lost mutation: [Your body often deteriorates upon taking
                  | damage.] [an orb of fire]
 76051 | Zot:5    | Gained mutation: [You occasionally lose the ability to read
                  | scrolls when taking damage.] [an orb of fire]
 76055 | Zot:5    | Killed an orb of fire
 76059 | Zot:5    | Killed an orb of fire
 76194 | Zot:4    | Lost mutation: [You occasionally lose the ability to read
                  | scrolls when taking damage.] [potion of mutation]
 76194 | Zot:4    | Lost mutation: You passively map a small area around you.
                  | [potion of mutation]
 76195 | Zot:4    | Lost mutation: Your melee attacks may engulf your foes in
                  | ooze. [potion of mutation]
 76195 | Zot:4    | Lost mutation: [You frequently scream uncontrollably at
                  | your foes.] [potion of mutation]
 76195 | Zot:4    | Lost mutation: [Your body sometimes deteriorates upon
                  | taking damage.] [potion of mutation]
 76195 | Zot:4    | Lost mutation: Potions are less effective at restoring your
                  | health. [potion of mutation]
 76195 | Zot:4    | Gained mutation: You are robust. (+10% HP) [potion of
                  | mutation]
 76196 | Zot:4    | Lost mutation: [You occasionally shout uncontrollably at
                  | your foes.] [potion of mutation]
 76196 | Zot:4    | Lost mutation: One of your tentacles bears a spike. [potion
                  | of mutation]
 76196 | Zot:4    | Lost mutation: Your spells are a little harder to cast, but
                  | a little more powerful. [potion of mutation]
 76196 | Zot:4    | Gained mutation: [Your magical capacity is low. (-10% MP)]
                  | [potion of mutation]
 76196 | Zot:4    | Gained mutation: You are partially covered in iridescent
                  | scales. (AC +2) [potion of mutation]
 76197 | Zot:4    | Lost mutation: You are partially covered in large bone
                  | plates. (SH +4) [potion of mutation]
 76197 | Zot:4    | Lost mutation: You do not regenerate when monsters are
                  | visible. [potion of mutation]
 76197 | Zot:4    | Lost mutation: You are strong-willed. (Will+) [potion of
                  | mutation]
 76197 | Zot:4    | Gained mutation: [You are clumsy. (Dex -2)] [potion of
                  | mutation]
 76197 | Zot:4    | Gained mutation: Your muscles are strong. (Str +4, Int/Dex
                  | -1) [potion of mutation]
 76359 | Zot:5    | Lost mutation: [You sometimes lose your temper in combat.]
                  | [Jiyva's grace]
 76359 | Zot:5    | Lost mutation: Your mind is very acute. (Int +8, Str/Dex
                  | -2) [Jiyva's grace]
 76359 | Zot:5    | Lost mutation: [You are clumsy. (Dex -2)] [Jiyva's grace]
 76359 | Zot:5    | Lost mutation: [Your magical capacity is low. (-10% MP)]
                  | [Jiyva's grace]
 76359 | Zot:5    | Lost mutation: You have a small jelly attached to you that
                  | may absorb projectiles. [Jiyva's grace]
 76359 | Zot:5    | Gained mutation: You are agile. (Dex +4, Str/Int -1)
                  | [Jiyva's grace]
 76359 | Zot:5    | Gained mutation: You are very agile. (Dex +8, Str/Int -2)
                  | [Jiyva's grace]
 76359 | Zot:5    | Gained mutation: Your flesh is heat resistant. (rF+)
                  | [Jiyva's grace]
 76359 | Zot:5    | Gained mutation: Your flesh is very heat resistant. (rF++)
                  | [Jiyva's grace]
 76373 | Zot:5    | Gained mutation: You do not regenerate when monsters are
                  | visible. [mutagenic glow]
 76393 | Zot:5    | Gained mutation: You have hidden genetic defects.
                  | [mutagenic glow]
 76412 | Zot:5    | Gained mutation: [You are vulnerable to cold. (rC-)]
                  | [mutagenic glow]
 76791 | Zot:5    | Noticed a dread lich
 76795 | Zot:5    | Noticed an ancient lich
 76801 | Zot:5    | Killed a dread lich
 76817 | Zot:5    | Killed an ancient lich
 76819 | Zot:5    | Noticed an orb of fire
 76821 | Zot:5    | Noticed a dread lich
 76828 | Zot:5    | Killed a dread lich
 76830 | Zot:5    | Killed an orb of fire
 76885 | Zot:5    | Lost mutation: You are robust. (+10% HP) [hidden defects]
 76932 | Zot:5    | Noticed an ancient lich
 76933 | Zot:5    | Noticed a dread lich
 76944 | Zot:5    | Noticed an orb of fire
 76945 | Zot:5    | Noticed an ancient lich
 76945 | Zot:5    | Lost mutation: Your mind is acute. (Int +4, Str/Dex -1) [an
                  | orb of fire]
 76946 | Abyss:7  | Entered Level 7 of the Abyss
 76946 | Abyss:7  | Cast into level 7 of the Abyss (white draconian)
 76995 | Abyss:7  | Paralysed by accursed screaming for 1 turns
 76995 | Abyss:7  | Gained mutation: [Your magical capacity is extremely low.
                  | (-30% MP)] [hidden defects]
 76995 | Abyss:7  | Lost mutation: You have hidden genetic defects. [hidden
                  | defects expressed]
 77008 | Zot:5    | Escaped the Abyss
 77010 | Zot:5    | Was placed under penance by Jiyva
 77011 | Zot:5    | HP: 2/171 [Killer Klown/klown pie (8)]
 77011 | Zot:5    | Mangled by a white draconian

Illustrated notes

Levels and vault maps discovered:
D:1:      onia_arrival_mini_maze, layout_basic, serial_shops, shop,
          due_unseen_surprise
D:2:      layout_loops_cross, basic_altar, grunt_ministairs_15
D:3:      layout_basic, minitemple, chequers_serial_rivers_small_b
D:4:      nicolae_cairo_tiling_large, layout_loops_cross, kennysheep_donut
D:5:      layout_basic, bloody_trog, nicolae_shop_self_help
D:6:      layout_loops_ring, nicolae_uskayaw_suspiria,
          gammafunk_ghost_abyssal_escape
D:7:      layout_cave_pools, minmay_temple_entry_large_hall,
          kennysheep_generic_room_5, uniq_maggie, uniq_joseph
D:8:      layout_loops_ring, serial_glass, glass_columns_a, glass_columns_b,
          glass_columns_b
D:9:      layout_irregular_city, grunt_temple_overflow_opulence,
          zombieorc1_lemuel, minmay_misc_feat_enclosed
D:10:     layout_long_grid, old_standard_altar, mainiacjoe_overflow_24_doors,
          uniq_erica, uniq_josephine, uniq_lodul, uniq_erolcha
D:11:     layout_cave_pods, due_lair_maze_entry_diamond, serial_column_ruins,
          column_ruins_hut_pillars, column_ruins_hut_ruined,
          column_ruins_grid_1, column_ruins_grid_2, column_ruins_grid_3,
          column_ruins_grid_3, column_ruins_open_large
D:12:     layout_basic, uniq_fannar
D:13:     layout_grid_maze, enter_trove_2, serial_undead, serial_undead_f,
          serial_undead_e, serial_undead_a, serial_undead_e,
          minmay_tree_intersection, grunt_qazlal_clouds
D:14:     layout_gridville, hangedman_vaults_entry_quadrant_bands,
          hangedman_decor_riveting, uniq_nessos
D:15:     grunt_enter_depths_giant_problem, layout_loops_cross,
          gauntlet_entry_generic, nicolae_blasting_shop
Temple:   nicolae_temple_ecumenical_triangle
Lair:1:   layout_hall_layers
Lair:2:   layout_small_grid, serial_bayou, serial_bayou_pond_c,
          serial_bayou_pond_d, serial_bayou_crossing, serial_bayou_pond_a,
          infiniplex_staircase_pool_2
Lair:3:   layout_cave_shapes, palyth_hydra_swamp_entry, dummy_snake_entry
Lair:4:   layout_loops_ring, slime_entry_1
Lair:5:   minmay_lair_end_enchanted_forest, layout_regular_city,
          nzn_sisyphean_effort, lemuel_fruit_tree
Swamp:1:  layout_basic_swamp, nicolae_swamp_some_circles
Swamp:2:  layout_basic_swamp, evilmike_swamp_ruin_house_5, uniq_louise,
          uniq_donald
Swamp:3:  layout_basic_swamp, portal_ice_cave_entry_ice_statue_two,
          serial_swamp_ruin, evilmike_swamp_ruin_rubble_2,
          evilmike_swamp_ruin_house_3, uniq_mlioglotl, uniq_roxanne
Swamp:4:  swamp_pestilence, layout_basic_swamp, swamp_pool5
Snake:1:  layout_chambers, uniq_nikola
Snake:2:  layout_basic, grunt_ministairs_13
Snake:3:  onia_ninara_swampy_vault, layout_chambers
Snake:4:  grunt_snake_rune_serpentine_throne, layout_grid_shapes,
          nicolae_snake_biting_tails, lightli_airlock, minmay_shoptagon,
          uniq_aizul
Slime:1:  layout_caves
Slime:2:  layout_caves, basic_altar
Slime:3:  layout_caves, nicolae_slime_barrier
Slime:4:  layout_caves, nicolae_slime_welcoming_committee
Slime:5
Orc:1:    layout_diamond_mine, nicolae_volcano_entry_hallway,
          nicolae_orc_bridge_out
Orc:2:    pf_orc_diabolical, layout_caves, nicolae_orc_crystal_geode
Elf:1:    layout_geoelf_diagonals, ebering_ghost_disaster_area,
          minmay_elf_necromancy, hellmonk_guarded_unrand_damnation
Elf:2:    elven_hall_of_blades_hangedman_original
          [nicolae_blade_entry_floor_patterns], layout_geoelf_grid, basic_altar,
          uniq_saint_roka
Elf:3:    minmay_elf_hall_not_hex, layout_gridlike, serial_shops, shop_coins
Vaults:1: vaults_standard_mumra_x, serial_ice_g, v_misc_17,
          dpeg_vaults_pockets_of_resistance, v_pattern_3,
          hangedman_vaults_cutoff, vaults_dpeg_ring, vaults_mumra_hex,
          hangedman_vaults_pinch, ontoclasm_vaults_eye,
          vaults_room_stairs_pillars, nicolae_vaults_little_ls,
          layout_vaults_chaotic_city
Vaults:2: nicolae_vaults_yaktaur_gun_rack, v_rooms_1, v_misc_18,
          nicolae_vaults_network_square, hangedman_vaults_maws,
          nicolae_vaults_diagonal_hallway_6, nicolae_vaults_little_squares_4,
          v_misc_9, vaults_room_stairs_pillars, layout_vaults_omnicross,
          serial_shops, bzr_firewalk
Vaults:3: minmay_crypt_entry_simple_box, v_misc_27, grunt_vaults_funnel,
          nicolae_vaults_bisected_exclaves, vaults_room_pool, v_misc_4,
          nicolae_vaults_alarming, layout_vaults_quadrants
Vaults:4: grunt_vaults_hallway_long, vaults_room_pools, vaults_room_semicircle,
          nicolae_vaults_back_hallway, nicolae_vaults_diagonal_hallway_9,
          nicolae_vaults_big_ls, nicolae_vaults_diagonal_hallway_8,
          hangedman_vaults_capsules, vaults_room_octagon,
          ontoclasm_vaults_gateway, nicolae_vaults_triangles,
          grunt_vaults_hallway_long, ontoclasm_vaults_fault, st_cells,
          nicolae_vaults_sealed_display, layout_vaults_omnibox
Vaults:5
Crypt:1:  layout_chaotic_city, grunt_crypt_arrival_guarded_gate
Crypt:2:  layout_misc_corridors, uniq_xtahua, uniq_vv
Crypt:3:  church_of_pain_bobbens, layout_chaotic_city,
          tomb_entry_forgotten_bobbens, grunt_megastairs_3, uniq_mennas,
          uniq_grunn
Depths:1: layout_cross, grunt_hell_entry_dis_grunt, serial_shops,
          nicolae_shop_advertising_works [nicolae_subvault_shop_adworks], shop,
          hangedman_glass_teeth, minmay_room_of_horrors, grunt_decor_clamped,
          lemuel_angel_altar, minmay_shop_grove, uniq_mara
Depths:2: minmay_octagon_city, layout_gridlike, enter_ziggurat_b,
          nicolae_hell_entry_big_baal_hell, serial_rivers,
          chequers_serial_rivers_micro_b, chequers_serial_rivers_micro_b,
          chequers_serial_rivers_room_a, chequers_serial_rivers_marsh,
          chequers_serial_rivers_room_b, serial_shops, nicolae_stop_n_shop_1,
          nicolae_stop_n_shop_1, shop, nicolae_shop_statue_plus,
          abyss_entry_flame_altar, pan_entry, serial_bayou_shore_b
Depths:3: minmay_the_grid_plus_closed [minmay_the_grid_stretched_grid,
          minmay_the_grid_artifice, minmay_the_grid_mess,
          minmay_the_grid_square_x, minmay_the_grid_prize_trominoes],
          layout_long_grid, minmay_strange_pillars, grunt_metal_band,
          abyss_entry_small_statue_room, grunt_decor_cap,
          infiniplex_staircase_zigzag_3
Depths:4: grunt_zot_entry_bicorn, layout_gridlike, minmay_misc_feat_iff,
          hell_entry
Hell
Coc:1:    layout_cocytus_delve
Coc:2:    layout_ice_bergs
Coc:3:    layout_cocytus_delve
Coc:4:    layout_cocytus_water_paths
Zot:1:    layout_onion_interference, grunt_ministairs_9
Zot:2:    kennysheep_blocky_room, layout_misc_corridors, nicolae_shop_clearance,
          uniq_tiamat
Zot:3:    layout_misc_corridors, uniq_josephina
Zot:4:    gammafunk_the_bubble [the_bubble_gammafunk_roulette], layout_basic,
          grunt_megastairs_1
Zot:5:    layout_basic

Skill      XL: |  1  2  3  4  5  6  7  8  9 10 11 12 13 14 15 16 17 18 19 20 21 22 23 24 25 26 27 |
---------------+----------------------------------------------------------------------------------+-----
Transmutations | 3 4 5 6 8 9 12 13 | 13.8
Ice Magic      | 1 2 3 5 7 8 9 21 | 21.3
Stealth        | 3 4 5 6 13 | 13.5
Summonings     | 2 4 |  4.1
Fighting       | 2 4 6 8 9 10 11 12 13 14 15 16 17 18 24 | 24.2
Dodging        | 3 5 7 8 9 10 11 12 13 14 15 16 17 18 | 18.7
Unarmed Combat | 5 7 8 9 10 12 13 14 15 16 17 18 19 | 19.8
Spellcasting   | 4 6 7 8 9 10 11 12 13 14 15 | 15.4
Translocations | 1 3 |  3.2
Air Magic      | 7 10 11 12 13 14 15 16 17 18 20 24 | 24.2
Necromancy     | 2 5 6 |  6.6
Conjurations   | 1 5 7 9 11 14 22 | 22.7
Fire Magic     | 12 | 12.5

Action                   |  1- 3 |  4- 6 |  7- 9 | 10-12 | 13-15 | 16-18 | 19-21 | 22-24 | 25-27 || total
-------------------------+-------+-------+-------+-------+-------+-------+-------+-------+-------++-------
Melee: Unarmed           |    70 |   116 |   285 |   598 |   975 |   811 |   686 |   840 |  2089 ||  6470
       Tentacles         |    20 |    31 |    18 |    16 |    17 |     2 |     3 |     3 |    12 ||   122
       Constrict         |    20 |    30 |    11 |    11 |     6 |     4 |       |     1 |     7 ||    90
       Punch             |     2 |     2 |     1 |     4 |    22 |    77 |    89 |   115 |   302 ||   614
       Kick              |     4 |    29 |     4 |     5 |     6 |       |     4 |     5 |    16 ||    73
       Pseudopods        |       |       |       |       |       |       |       |     3 |     7 ||    10
Throw: Dart              |       |     8 |     1 |       |     1 |       |       |       |       ||    10
       Throwing net      |       |       |       |       |     1 |       |       |       |       ||     1
 Cast: Beastly Appendage |     4 |    13 |     2 |     1 |     2 |     2 |       |       |     1 ||    25
       Ice Form          |       |     1 |    22 |    49 |    66 |       |       |       |       ||   138
       Summon Ice Beast  |       |       |     1 |    25 |    19 |     2 |       |       |       ||    47
       Ozocubu's Armour  |       |       |       |    20 |    69 |    38 |    14 |     5 |     5 ||   151
       Frozen Ramparts   |       |       |       |    21 |    39 |    17 |     4 |     2 |       ||    83
       Necrotise         |       |       |       |       |     7 |       |       |       |       ||     7
       Freezing Cloud    |       |       |       |       |    28 |    26 |     3 |     2 |     1 ||    60
       Storm Form        |       |       |       |       |    22 |   103 |    57 |    63 |   128 ||   373
       Wereblood         |       |       |       |       |       |     2 |     9 |    31 |    53 ||    95
       Blink             |       |       |       |       |       |     1 |     4 |     2 |     5 ||    12
       Death Channel     |       |       |       |       |       |       |     8 |    26 |    39 ||    73
       Conjure Ball Ligh |       |       |       |       |       |       |    10 |     3 |       ||    13
       Maxwell's Capacit |       |       |       |       |       |       |       |       |     3 ||     3
       Chain Lightning   |       |       |       |       |       |       |       |       |    40 ||    40
       Polar Vortex      |       |       |       |       |       |       |       |       |     8 ||     8
       Fire Storm        |       |       |       |       |       |       |       |       |     2 ||     2
Invok: Call Merchant     |       |       |       |     1 |     2 |     2 |       |       |       ||     5
       Potion Petition   |       |       |       |       |     1 |       |       |       |       ||     1
 Abil: End Transformatio |       |       |       |       |     2 |     2 |       |     1 |     2 ||     7
       Blinkbolt         |       |       |       |       |     5 |    35 |    16 |    27 |    26 ||   109
Evoke: Wand              |       |       |       |    12 |     4 |     1 |       |       |       ||    17
       Phial of floods   |       |       |       |       |     1 |       |       |       |       ||     1
  Use: Scroll            |       |     1 |     6 |     7 |     5 |     6 |     9 |     1 |    11 ||    46
       Potion            |       |       |     3 |     2 |     4 |     1 |     3 |       |    16 ||    29
 Stab: Sleeping          |     6 |     6 |     5 |     5 |     5 |     5 |     6 |    11 |    10 ||    59
       Invisible         |       |       |       |     2 |       |       |       |       |       ||     2
       Distracted        |       |       |       |     3 |     9 |     4 |     4 |     7 |    32 ||    59
       Paralysed         |       |       |       |     4 |       |       |       |       |       ||     4
       Petrified         |       |       |       |       |     4 |       |       |       |       ||     4
Armor: Skin              |     3 |     7 |   109 |   158 |   324 |   167 |   172 |   135 |   455 ||  1530
Dodge: Dodged            |    40 |    84 |   135 |   400 |   872 |   863 |   879 |   912 |  2626 ||  6811
Block: Other             |       |       |       |       |     4 |   108 |       |     4 |     2 ||   118
       Reflection        |       |       |       |       |       |    17 |       |       |       ||    17

Table legend: (Time is in decaauts)
 A = Elapsed time spent in this place.
 B = Non-inter-level travel time spent in this place.
 C = Inter-level travel time spent in this place.
 D = Time resting spent in this place.
 E = Time spent auto-exploring this place.
 F = Levels seen in this place.
 G = Mean time per level.
                   A        B        C        D        E       F      G
               +--------+--------+--------+--------+--------+-----+--------+
         Total |  75538 |  68298 |   7240 |  16100 |  34475 |  90 |  839.3 |
       Dungeon |  23207 |  20483 |   2724 |   6996 |   8994 |  15 | 1547.1 |
        Temple |     92 |     76 |     16 |      0 |     42 |   1 |   92.0 |
          Lair |   9323 |   8244 |   1079 |   2398 |   3891 |   5 | 1864.6 |
         Swamp |   3327 |   3114 |    213 |    801 |   1446 |   4 |  831.8 |
     Snake Pit |   7779 |   7475 |    304 |   2121 |   3803 |   4 | 1944.8 |
    Slime Pits |   2034 |   1659 |    375 |    283 |   1213 |   5 |  406.8 |
  Orcish Mines |   3484 |   3223 |    261 |    999 |   1390 |   2 | 1742.0 |
   Elven Halls |   2781 |   2619 |    162 |     21 |   1822 |   3 |  927.0 |
        Vaults |   6352 |   5379 |    973 |     65 |   3684 |   5 | 1270.4 |
         Crypt |   2922 |   2668 |    254 |    141 |   1847 |   3 |  974.0 |
        Depths |   5541 |   4831 |    710 |    716 |   3070 |   4 | 1385.2 |
          Hell |    610 |    528 |     82 |     38 |    279 |   1 |  610.0 |
       Cocytus |    255 |    247 |      8 |     20 |     86 |   4 |   63.8 |
           Zot |   3115 |   3042 |     73 |    521 |   1625 |   5 |  623.0 |
         Abyss |   1838 |   1838 |      0 |     45 |    427 |  11 |  167.1 |
      Ziggurat |   1027 |   1027 |      0 |    331 |    176 |  15 |   68.5 |
        Bazaar |    173 |    173 |      0 |      0 |     48 |   1 |  173.0 |
      Ice Cave |    964 |    964 |      0 |    329 |    370 |   1 |  964.0 |
      Gauntlet |    707 |    707 |      0 |    271 |    262 |   1 |  707.0 |
               +--------+--------+--------+--------+--------+-----+--------+

Top non-repeatable levels by time:
 Snake:3: 2541 daAuts
  Lair:5: 2513 daAuts
 Snake:4: 2466 daAuts
   Orc:2: 2182 daAuts
    D:13: 2128 daAuts
     D:9: 2121 daAuts
  Lair:3: 2065 daAuts
     D:6: 1964 daAuts
    D:11: 1928 daAuts
    D:12: 1867 daAuts
Depths:2: 1851 daAuts
  Lair:1: 1780 daAuts
    D:14: 1756 daAuts
     D:8: 1719 daAuts
Vaults:1: 1694 daAuts
